 Dungeon Crawl Stone Soup version 0.30.0-20-g3615ddf2f0 (webtiles) character file.

Game seed: 17686730291298950703

444215 qw the Impregnable (level 24, -5/168 HPs)
             Began as a Gargoyle Fighter on May 31, 2023.
             Was a High Priest of Okawaru.
             Slain by an ironbound preserver
             ... wielding a +0 great mace
              (15 damage)
             ... on level 5 of the Vaults.
             The game lasted 00:31:57 (51673 turns).

qw the Impregnable (Gargoyle Fighter)              Turns: 51673, Time: 00:31:58

Health: -5/168     AC: 69    Str: 30    XL:     24   Next: 16%
Magic:  30/30      EV: 11    Int: 14    God:    Okawaru [*****.]
Gold:   2360       SH: 28    Dex:  8    Spells: 23/23 levels left

rFire   + . .        F - +9 broad axe (freeze)
rCold   + . .        B - +5 tower shield of Egasyib {rN+}
rNeg    + + .        x - +1 gold dragon scales
rPois   inf          k - +2 helmet
rElec   +            C - +2 cloak
rCorr   .            q - +2 pair of gloves
SInv    +            b - +2 pair of boots
Will    +....        w - amulet of faith Stlth
                     f - +4 ring of protection
HPRegen 0.48/turn    I - ring of see invisible
MPRegen 0.22/turn

%: faith
@: heroic, marked, flying
A: sickness immunity, AC +18, big wings, negative energy resistance 1,
electricity resistance, torment resistance 1, petrification resistance,
iridescent scales 1, clever 1, sturdy frame 1
}: 2/15 runes: serpentine, barnacled
a: Renounce Religion, Heroism, Finesse, Duel


You were on level 5 of the Vaults.
You worshipped Okawaru.
Okawaru was extremely pleased with you.
You visited 7 branches of the dungeon, and saw 39 of its levels.
You visited the Abyss 2 times.
You visited 1 bazaar.

You collected 5419 gold pieces.
You spent 3059 gold pieces at shops.


Innate Abilities, Weirdness & Mutations

You are immune to sickness and miasma.
Your stone body is resilient. (AC +18)
You are immune to poison.
Your large and strong wings let you fly.
You resist negative energy. (rN+)
You are resistant to electric shocks. (rElec)
You are resistant to unholy torment.
You are immune to petrification.
You are partially covered in iridescent scales. (AC +2)
Your mind is acute. (Int +4, Str/Dex -1)
Your movements are slightly less encumbered by armour. (ER -2)


   Skills:
 - Level 22.0(27) Fighting
 - Level 18.0(23.0) Axes
 - Level 13.0(18.0) Throwing
 - Level 22.0(27) Armour
 - Level 6.0(11.0) Dodging
 + Level 21.5(26.5) Shields
 - Level 10.0 Invocations


You had 23 spell levels left.
You didn't know any spells.
Your spell library was empty.

Inventory:

Hand Weapons
 F - a +9 broad axe of freezing (weapon)
Missiles
 c - 22 javelins
 z - 15 silver javelins (quivered)
Armour
 b - a +2 pair of boots (worn)
 k - a +2 helmet (worn)
 n - a +5 plate armour
 q - a +2 pair of gloves (worn)
 r - the +0 scale mail "Pihigug" {rPois Will+ rCorr}
   (You bought it in a shop on level 1 of the Shoals)

   rPois:     It protects you from poison.
   rCorr:     It protects you from acid and corrosion.
   Will:      It increases your willpower.
 x - +1 gold dragon scales (worn)
 B - the +5 tower shield of Egasyib (worn) {rN+}
   (Okawaru gifted it to you on level 5 of the Lair of Beasts)

   rN:        It protects you from negative energy.
 C - a +2 cloak (worn)
Jewellery
 e - a ring of protection from fire
 f - a +4 ring of protection (left hand)
 l - a ring of resist corrosion
 m - an amulet of reflection
 o - a ring of ice
 w - an amulet of faith (around neck)
 G - a ring of ice
 H - a ring of protection from fire
 I - a ring of see invisible (right hand)
 J - the amulet "Tume Nimn" {Reflect Harm Regen+ SH+5 Stlth+}
   (You found it on level 3 of the Shoals)

   [amulet of reflection]

   It reflects blocked missile attacks.
   Regen:     It increases your rate of health regeneration.
   SH:        It affects your SH (+5).
   Harm:      It increases damage dealt and taken.
   Stlth:     It makes you more stealthy.
 K - a +6 ring of dexterity
 Y - the ring of Vuskourr {rN+++ rCorr MP+9 Int-3 Dex+3}
   (You acquired it on level 3 of the Dungeon)

   [ring of magical power]

   Int:       It affects your intelligence (-3).
   Dex:       It affects your dexterity (+3).
   rN:        It renders you almost immune to negative energy.
   MP:        It affects your magic capacity (+9).
   rCorr:     It protects you from acid and corrosion.
Wands
 D - a wand of digging (17)
Scrolls
 g - 23 scrolls of identify
 L - a scroll of enchant weapon
Potions
 a - 4 potions of haste
 d - 4 potions of might
 h - 5 potions of lignification
 i - 15 potions of attraction
 j - 24 potions of curing
 s - 3 potions of resistance
 u - 4 potions of mutation
 v - 7 potions of cancellation
 A - 4 potions of magic

Dungeon Overview and Level Annotations

Branches:
Dungeon (15/15)            Temple (0/1) D:5            Lair (5/5) D:11
 Shoals (4/4) Lair:2        Snake (4/4) Lair:2        Slime (0/5) Lair:4
    Orc (2/2) D:11            Elf (0/3) Orc:2        Vaults (5/5) D:14
  Crypt (0/3) Vaults:2     Depths (4/4) D:15            Zot (0/5) Depths:4

Altars:
Ashenzari
Dithmenos
Fedhas
Gozag
Hepliaklqana
Kikubaaqudgha
Makhleb
Nemelex Xobeh
Okawaru
Qazlal
Yredelemnul
Jiyva

Shops:
D:6 (   D:9 *   Orc:2 *=:[*   Shoals:1 [   Snake:1 [=(   Snake:2 =:=
Snake:4 :   Depths:1 *

Portals:
Hell: Depths:1 Depths:2 Depths:3 Depths:4
Abyss: Depths:3 Depths:4
Pandemonium: Depths:1 Depths:2 Depths:3 Depths:4
Ziggurat: Depths:3

Annotations:
D:5 3 runed translucent doors, qw's ghost, novice GrCA
D:8 3 runed translucent doors, qw's ghost, novice GrFi
Snake:2 1 runed translucent door, qw's ghost, adept GrFi
Orc:2 3 runed translucent doors, qw's ghost, journeyman GrFi


Message History

You slice the yaktaur captain!! You freeze the yaktaur captain!
You kill the yaktaur captain!
Okawaru accepts your kill.
You slash the tentacled monstrosity! You freeze the tentacled monstrosity.
You slash the ghostly vault warden! You freeze the ghostly vault warden.
You slice the sphinx!! You freeze the sphinx. You slash the shadow dragon!
The steelbarb worm changes into a glowing shapeshifter!
The tarantella changes into a fire crab!
You block the tentacled monstrosity's attack. x4
You block the vault guard's attack.
The vault sentinel blows a loud note on a signal horn!
The vault guard misses you.
The vault sentinel blows a loud note on a signal horn!
The shadow dragon bites you but does no damage.
The shadow dragon claws you but does no damage.
The shadow dragon claws you.
The ghostly vault warden hits you with a +2 war axe.
The sphinx hits you but does no damage. The sphinx closely misses you.
You block the sphinx's attack.
An iron dragon comes into view.
A necromancer comes into view.
It is wielding the +3 hand axe of the Revolution {holy, Will+ Stlth+}.
Enter note:
Enter note:
Enter note:
Enter note:
Enter note:
Enter note:
Enter note:
Enter note: You hit the ironbound preserver.
You freeze the ironbound preserver.
The ironbound preserver is heavily wounded.
You slash the tentacled monstrosity! You freeze the tentacled monstrosity.
You completely miss the ghostly vault warden.
You barely miss the sphinx.
You hit the shadow dragon but do no damage.
The glowing shapeshifter changes into an anaconda!
The fire crab changes into an entropy weaver!
You block the shadow dragon's attack. x3
The ironbound preserver hits you with a +0 great mace!
You die...

#..#..#
#..#..# .
#..#..###..
#..#.D.....
#$..CpZ....
#....#######
#####
#...C)pueW..
.....
#..)XHpJGe..
.....
#..[@pDDD.CS
.....


#..)pDpDppp. ..... #....####### ##### #..B## #..#. #.. #.. #.. #. You could see
3 shadow dragons, a tentacled monstrosity, an iron dragon, an ironbound
preserver, a golden dragon, a storm dragon, a brown very ugly thing, a sphinx
(strong), 2 stone giants, a ghostly vault warden, 3 vault guards, an entropy
weaver shaped shifter, a deep elf annihilator, a deep elf death mage, a great
orb of eyes, an ettin, an anaconda shaped shifter, 3 vault sentinels, a
quicksilver ooze, a freezing wraith and a necromancer.

Vanquished Creatures
  A dread lich (Abyss:2)
  An ancient lich (Vaults:5)
  2 juggernauts (Depths:3)
  Vv (Depths:4)
  Sojobo (Depths:3)
  Bai Suzhen (Depths:1)
  5 golden dragons
  A caustic shrike (Depths:3)
  Vashnia (Snake:4)
  A bone dragon (Depths:2)
  4 tentacled monstrosities
  Rupert (D:14)
  2 titans (Vaults:5)
  A walking earthen tome (Depths:3)
  A lich (Abyss:2)
  2 quicksilver dragons (Vaults:5)
  2 tentacled starspawn (Abyss:2)
  8 tengu reavers
  Polyphemus (Shoals:4)
  4 shadow dragons
  Agnes (D:15)
  6 sphinxes
  5 storm dragons
  Roxanne (D:14)
  3 nagarajas (Snake:4)
  11 fire giants
  A deep elf sorcerer (Vaults:4)
  15 vault wardens
  6 frost giants
  Aizul (Snake:3)
  A draconian scorcher (Depths:4)
  Louise (Snake:3)
  7 war gargoyles
  18 very ugly things
  8 ironbound thunderhulks
  A draconian annihilator (Depths:4)
  11 ironbound preservers
  3 green draconians (Depths:4)
  16 stone giants
  2 spriggan defenders
  A black draconian (Depths:4)
  4 vampire knights
  2 deep elf demonologists
  A white draconian (Depths:4)
  A wendigo (Depths:1)
  Azrael (D:15)
  2 purple draconians (Depths:4)
  A yellow draconian (Depths:4)
  A spark wasp (shapeshifter) (Depths:2)
  6 dire elephants
  4 crystal guardians
  A green death (Depths:4)
  A blizzard demon (Depths:2)
  7 ettins
  Josephine (D:11)
  4 merfolk impalers
  3 merfolk javelineers
  3 jiangshi (Depths:3)
  10 fire dragons
  A deep elf high priest (Vaults:5)
  5 ice dragons
  6 great orbs of eyes
  28 vault guards
  An ogre mage (D:15)
  A hell beast (Depths:2)
  8 yaktaur captains
  7 rakshasas
  A merfolk avatar (Shoals:1)
  2 catoblepae
  5 peacekeepers
  5 hydras
  4 salamander tyrants (Snake:4)
  2 spriggan air magi (Depths:3)
  9 boulder beetles
  A satyr (Shoals:3)
  8 ironbound frosthearts
  6 alligator snapping turtles
  6 merfolk aquamancers
  25 anacondas
  21 centaur warriors
  9 deep troll earth magi
  7 death yaks
  2 vampire magi (Depths:3)
  4 tengu warriors
  3 deep troll shamans
  16 naga warriors
  11 two-headed ogres
  Urug (Lair:3)
  7 shock serpents
  5 spriggan berserkers
  13 naga sharpshooters
  9 hell knights
  A soul eater (Depths:3)
  5 skeletal warriors (D:15)
  A deep elf knight (D:11)
  A sixfirhy (Depths:4)
  Amaemon (Lair:3)
  4 iron trolls
  3 wretched stars (Abyss:2)
  3 skysharks
  9 salamander mystics
  34 deep trolls
  4 glowing orange brains
  6 flayed ghosts
  2 shadow demons
  Lodul (D:11)
  9 naga ritualists
  A glowing orange brain (shapeshifter) (Abyss:2)
  10 sea snakes
  Pikel (D:4)
  24 ironbound convokers
  10 lindwurms
  8 wizards
  A wolf spider zombie (D:15)
  5 orc knights
  5 necromancers
  2 phantasmal warriors (Vaults:5)
  12 mana vipers
  11 harpies
  6 deep elf pyromancers
  3 deep elf zephyrmancers
  10 fauns
  4 orc sorcerers
  13 manticores
  6 oklob plants (Lair:4)
  A faun (shapeshifter) (Vaults:5)
  32 ugly things
  8 guardian serpents
  19 salamanders
  5 cyclopes
  28 elephants
  16 vault sentinels
  A demonic crawler (Abyss:2)
  50 black mambas
  A black mamba (shapeshifter) (Depths:1)
  6 merfolk sirens
  Joseph (D:7)
  11 naga magi
  8 water nymphs
  16 cane toads
  3 smoke demons (Abyss:2)
  A centaur zombie (D:15)
  A cane toad (shapeshifter) (D:13)
  2 gargoyles
  An orange demon (Lair:3)
  A torpor snail (Lair:5)
  An unseen horror (shapeshifter) (D:14)
  Psyche (D:8)
  39 yaktaurs
  A freezing wraith (Vaults:5)
  9 rime drakes
  3 kobold demonologists
  4 tengu conjurers
  An efreet (D:13)
  An elf (Vaults:4)
  2 ancient zymes (Abyss:2)
  5 komodo dragons
  2 ice devils
  6 polar bears
  A harpy zombie (D:15)
  A queen bee (Lair:4)
  A polar bear (shapeshifter) (D:15)
  6 meliai
  8 trolls
  2 hellwings
  A tyrant leech (shapeshifter) (Vaults:5)
  26 merfolk
  10 hornets
  7 wind drakes
  6 dream sheep (Lair:5)
  12 blink frogs
  A fire giant simulacrum (Depths:1)
  7 snapping turtles
  38 slime creatures
  18 spriggans
  4 shadows
  12 water elementals
  9 wraiths
  6 large abominations (Abyss:2)
  16 humans (D:14)
  10 wyverns
  3 vampires
  6 basilisks
  3 fire bats (Abyss:2)
  6 starcursed masses (Abyss:2)
  4 fire elementals (D:15)
  2 neqoxecs
  63 yaks
  A chaos spawn (Depths:4)
  2 vampire mosquitoes (D:11)
  7 steam dragons
  5 wargs
  30 nagas
  5 small abominations (Abyss:2)
  An acid dragon (D:11)
  4 hell hounds (D:15)
  24 water moccasins
  Duvessa (D:5)
  3 floating eyes
  37 orc warriors
  A sky beast (D:6)
  4 black bears
  A spriggan simulacrum (Depths:1)
  20 ogres
  4 boggarts (Lair:5)
  31 wolves
  A phantom (D:8)
  30 centaurs
  4 kobold brigands
  3 lemures (D:4)
  20 bullfrogs
  2 gnoll sergeants
  5 scorpions
  A glowing shapeshifter simulacrum (Depths:1)
  Dowan (D:5)
  28 killer bees (Lair:4)
  2 electric eels
  9 howler monkeys
  A quasit (Abyss:2)
  5 gnoll boudas
  6 hounds
  2 iron imps (Abyss:2)
  18 orc priests
  A sleepcap (D:5)
  17 orc wizards
  2 iguanas
  Robin (D:3)
  19 gnolls
  8 adders
  A white imp (D:8)
  2 ufetubi
  3 worms
  4 dart slugs
  82 orcs
  9 bats
  8 endoplasms
  2 giant cockroaches
  7 goblins
  8 hobgoblins
  8 jackals
  24 kobolds
  5 quokkas
  11 ball pythons
  2 frilled lizards (D:3)
  7 rats
  A starspawn tentacle (Abyss:2)
1795 creatures vanquished.

Vanquished Creatures (others)
  A hell beast (Depths:2)
  2 deep elf pyromancers
  An orc wizard (Orc:2)
  A kobold (D:10)
  3 starspawn tentacles (Abyss:2)
8 creatures vanquished.

Grand Total: 1803 creatures vanquished

Notes
Turn   | Place    | Note
-------+----------+-------------------------------------------
     0 | D:1      | qw the Gargoyle Fighter began the quest for the Orb.
     0 | D:1      | Reached XP level 1. HP: 14/14 MP: 1/1
     0 | D:1      | 0 ||| qw: Version: 0.2-a-102-gfc559e5
     0 | D:1      | 0 ||| qw: Game counter: 522
     0 | D:1      | 0 ||| qw: Always use a shield: true
     0 | D:1      | 0 ||| qw: God list: Okawaru
     0 | D:1      | 0 ||| qw: Allow faded altars: false
     0 | D:1      | 0 ||| qw: Do Orc after D:15 true
     0 | D:1      | 0 ||| qw: Do second Lair branch before Depths: true
     0 | D:1      | 0 ||| qw: Lair rune preference: random
     0 | D:1      | 0 ||| qw: Plans: Normal, Zot:1-4, Slime:5, God:TSO, Crypt,
                  | Tomb, Pan, Hells, Abyss, Win
     0 | D:1      | 0 ||| PLANNING D:1-11
   126 | D:1      | Reached XP level 2. HP: 13/19 MP: 2/2
   197 | D:1      | You fall into a shaft and drop 1 floor!
   576 | D:1      | Reached skill level 3 in Axes
   580 | D:1      | Reached XP level 3. HP: 9/23 MP: 3/3
  1016 | D:1      | 1016 ||| UPGRADING to +0 helmet.
  1021 | D:1      | 1021 ||| READING scroll labelled DUDDOOGEPT.
  1022 | D:1      | 1022 ||| READING scroll labelled NUITYD XAZUA.
  1023 | D:1      | 1023 ||| READING scroll labelled BUTITO HAUV.
  1024 | D:1      | 1024 ||| READING 3 scrolls labelled ACHIRA YCOHIC.
  1025 | D:1      | 1025 ||| READING 2 scrolls of enchant armour.
  1025 | D:1      | 1025 ||| ENCHANTING +0 helmet.
  1026 | D:1      | 1026 ||| READING scroll of enchant armour.
  1026 | D:1      | 1026 ||| ENCHANTING +1 helmet.
  1027 | D:1      | 1027 ||| DRINKING 2 fizzy orange potions.
  1028 | D:1      | 1028 ||| DRINKING 3 glowing silvery potions.
  1029 | D:1      | 1029 ||| DROPPING potion of brilliance.
  1030 | D:1      | 1030 ||| DROPPING 2 potions of degeneration.
  1068 | D:2      | 1068 ||| STAIRDANCE
  1081 | D:2      | 1081 ||| STAIRDANCE
  1114 | D:2      | 1114 ||| Stepping ~*~*~tactically~*~*~ (stealth).
  1229 | D:2      | 1229 ||| Stepping ~*~*~tactically~*~*~ (stealth).
  1242 | D:2      | Reached XP level 4. HP: 27/28 MP: 4/4
  1334 | D:2      | 1334 ||| Stepping ~*~*~tactically~*~*~ (hiding).
  1595 | D:2      | 1595 ||| UPGRADING to +0 chain mail.
  1605 | D:2      | 1605 ||| DROPPING +0 scale mail.
  1606 | D:2      | 1606 ||| UPGRADING to amulet of the acrobat.
  1611 | D:2      | 1611 ||| DROPPING ring of wizardry.
  1612 | D:2      | 1612 ||| UPGRADING to ring of resist corrosion.
  1613 | D:2      | 1613 ||| READING scroll labelled RADUQETUPT.
  1614 | D:2      | 1614 ||| READING 2 scrolls of identify.
  1614 | D:2      | 1614 ||| IDENTIFYING fuming emerald potion
  1631 | D:3      | Found a hazy altar of Hepliaklqana.
  1631 | D:3      | Found an iron altar of Okawaru.
  1631 | D:3      | Found a broken altar of Ashenzari.
  1632 | D:3      | 1632 ||| PLANNING OKAWARU WORSHIP
  1632 | D:3      | 1632 ||| STAIRDANCE
  1636 | D:3      | 1636 ||| STAIRDANCE
  1649 | D:3      | Became a worshipper of Warmaster Okawaru
  1649 | D:3      | 1649 ||| PLANNING D:1-11
  1732 | D:3      | 1732 ||| DRINKING 2 lumpy orange potions.
  1761 | D:3      | 1761 ||| Stepping ~*~*~tactically~*~*~ (stealth).
  1768 | D:3      | Noticed Robin
  1770 | D:3      | 1770 ||| Stepping ~*~*~tactically~*~*~ (hiding).
  1779 | D:3      | Killed Robin
  1784 | D:3      | 1784 ||| FLEEEEING.
  1786 | D:3      | 1786 ||| FLEEEEING.
  1787 | D:3      | 1787 ||| FLEEEEING.
  1789 | D:3      | 1789 ||| FLEEEEING.
  1790 | D:3      | 1790 ||| FLEEEEING.
  1791 | D:3      | 1791 ||| FLEEEEING.
  1792 | D:3      | 1792 ||| FLEEEEING.
  1793 | D:3      | 1793 ||| FLEEEEING.
  1794 | D:3      | 1794 ||| FLEEEEING.
  1795 | D:3      | 1795 ||| FLEEEEING.
  1796 | D:3      | 1796 ||| FLEEEEING.
  1797 | D:3      | 1797 ||| FLEEEEING.
  1798 | D:3      | 1798 ||| FLEEEEING.
  1799 | D:3      | 1799 ||| FLEEEEING.
  1800 | D:3      | 1800 ||| FLEEEEING.
  1801 | D:3      | 1801 ||| STAIRDANCE
  1831 | D:2      | 1831 ||| READING 3 scrolls of identify.
  1831 | D:2      | 1831 ||| IDENTIFYING clear potion
  1886 | D:3      | 1886 ||| DROPPING +0 flail.
  1916 | D:3      | 1916 ||| Stepping ~*~*~tactically~*~*~ (stealth).
  1917 | D:3      | 1917 ||| Stepping ~*~*~tactically~*~*~ (stealth).
  2020 | D:3      | Noticed a scorpion
  2026 | D:3      | Reached XP level 5. HP: 31/32 MP: 5/5
  2157 | D:3      | 2157 ||| Stepping ~*~*~tactically~*~*~ (stealth).
  2465 | D:3      | 2465 ||| READING scroll labelled YMOWNECSUL.
  2465 | D:3      | Identified a scroll of acquirement
  2465 | D:3      | 2465 ||| ACQUIRING ring of Vuskourr {rN+++ rCorr MP+9 Int-3
                  | Dex+3}
  2465 | D:3      | Acquired the ring of Vuskourr {rN+++ rCorr MP+9 Int-3
                  | Dex+3}
  2467 | D:3      | 2467 ||| UPGRADING to ring of Vuskourr {rN+++ rCorr MP+9
                  | Int-3 Dex+3}.
  2468 | D:3      | 2468 ||| REMOVING ring of resist corrosion.
  2555 | D:4      | Reached XP level 6. HP: 21/38 MP: 6/6
  2555 | D:4      | 2555 ||| FLEEEEING.
  2556 | D:4      | 2556 ||| FLEEEEING.
  2557 | D:4      | 2557 ||| FLEEEEING.
  2558 | D:4      | 2558 ||| FLEEEEING.
  2559 | D:4      | 2559 ||| FLEEEEING.
  2560 | D:4      | 2560 ||| STAIRDANCE
  2621 | D:4      | 2621 ||| STAIRDANCE
  2655 | D:4      | Reached skill level 1 in Dodging
  2681 | D:4      | 2681 ||| Stepping ~*~*~tactically~*~*~ (stealth).
  2711 | D:4      | 2711 ||| Stepping ~*~*~tactically~*~*~ (stealth).
  2714 | D:4      | 2714 ||| Stepping ~*~*~tactically~*~*~ (hiding).
  2723 | D:4      | 2723 ||| Stepping ~*~*~tactically~*~*~ (hiding).
  2735 | D:4      | 2735 ||| FLEEEEING.
  2736 | D:4      | 2736 ||| FLEEEEING.
  2737 | D:4      | 2737 ||| FLEEEEING.
  2738 | D:4      | 2738 ||| FLEEEEING.
  2739 | D:4      | 2739 ||| FLEEEEING.
  2740 | D:4      | 2740 ||| FLEEEEING.
  2741 | D:4      | 2741 ||| FLEEEEING.
  2742 | D:4      | 2742 ||| FLEEEEING.
  2743 | D:4      | 2743 ||| FLEEEEING.
  2744 | D:4      | 2744 ||| FLEEEEING.
  2745 | D:4      | 2745 ||| FLEEEEING.
  2746 | D:4      | 2746 ||| FLEEEEING.
  2747 | D:4      | 2747 ||| FLEEEEING.
  2748 | D:4      | 2748 ||| STAIRDANCE
  2795 | D:3      | 2795 ||| READING scroll labelled SITTIY VILU.
  2828 | D:4      | 2828 ||| STAIRDANCE
  2898 | D:4      | Noticed Pikel
  2914 | D:4      | Killed Pikel
  2915 | D:4      | Reached XP level 7. HP: 21/43 MP: 7/7
  3039 | D:4      | 3039 ||| DROPPING +0 morningstar.
  3052 | D:4      | 3052 ||| Stepping ~*~*~tactically~*~*~ (stealth).
  3160 | D:4      | Reached XP level 8. HP: 48/48 MP: 8/8
  3292 | D:4      | Found a sparkling altar of Nemelex Xobeh.
  3397 | D:4      | 3397 ||| READING 3 scrolls of identify.
  3397 | D:4      | 3397 ||| IDENTIFYING grey potion
  3413 | D:5      | Entered Level 5 of the Dungeon
  3437 | D:5      | Reached * piety under Okawaru
  3456 | D:5      | Found a runed translucent gate.
  3456 | D:5      | Found a runed translucent gate.
  3456 | D:5      | Found a runed translucent gate.
  3459 | D:5      | Noticed qw's ghost (novice GrCA)
  3459 | D:5      | Noticed a yak
  3514 | D:5      | Reached skill level 1 in Throwing
  3514 | D:5      | Reached skill level 1 in Invocations
  3541 | D:5      | 3541 ||| INVOKING Heroism.
  3557 | D:5      | 3557 ||| INVOKING Heroism.
  3563 | D:5      | HP: 6/49 [gnoll/+0 halberd[a gnoll bouda] (8)]
  3564 | D:5      | 3564 ||| READING scroll of teleportation.
  3852 | D:5      | Noticed Dowan
  3852 | D:5      | Noticed Duvessa
  3862 | D:5      | Killed Duvessa
  3863 | D:5      | 3863 ||| INVOKING Heroism.
  3865 | D:5      | Killed Dowan
  4047 | D:5      | 4047 ||| INVOKING Heroism.
  4054 | D:5      | Reached skill level 6 in Fighting
  4206 | D:5      | 4206 ||| Stepping ~*~*~tactically~*~*~ (hiding).
  4323 | D:5      | Found a staircase to the Ecumenical Temple.
  4417 | D:5      | Reached skill level 3 in Invocations
  4574 | D:5      | 4574 ||| UPGRADING to +0 plate armour.
  4584 | D:5      | 4584 ||| DROPPING +0 chain mail.
  4585 | D:5      | 4585 ||| READING scroll of enchant armour.
  4585 | D:5      | 4585 ||| ENCHANTING +0 plate armour.
  4586 | D:5      | 4586 ||| READING scroll labelled MIYPHE EQOMIYL.
  4612 | D:5      | 4612 ||| READING 4 scrolls of identify.
  4612 | D:5      | 4612 ||| IDENTIFYING green potion
  4613 | D:5      | 4613 ||| DROPPING potion of flight.
  4695 | D:6      | Found Ruytiv's Antique Weapon Shop.
  4709 | D:6      | Reached XP level 9. HP: 55/55 MP: 11/11
  4735 | D:6      | 4735 ||| Stepping ~*~*~tactically~*~*~ (stealth).
  4826 | D:6      | 4826 ||| Stepping ~*~*~tactically~*~*~ (hiding).
  4829 | D:6      | 4829 ||| INVOKING Heroism.
  4897 | D:6      | 4897 ||| INVOKING Heroism.
  5047 | D:6      | 5047 ||| UPGRADING to +0 pair of boots.
  5052 | D:6      | 5052 ||| UPGRADING to +0 pair of gloves.
  5057 | D:6      | 5057 ||| READING scroll labelled UZOUGONNAA.
  5058 | D:6      | 5058 ||| READING 4 scrolls of identify.
  5058 | D:6      | 5058 ||| IDENTIFYING red potion
  5059 | D:6      | 5059 ||| READING 3 scrolls of identify.
  5059 | D:6      | 5059 ||| IDENTIFYING purple potion
  5060 | D:6      | 5060 ||| DROPPING potion of berserk rage.
  5096 | D:7      | Reached skill level 9 in Axes
  5205 | D:7      | 5205 ||| Stepping ~*~*~tactically~*~*~ (stealth).
  5239 | D:7      | Reached ** piety under Okawaru
  5240 | D:7      | Reached skill level 6 in Armour
  5263 | D:7      | 5263 ||| Stepping ~*~*~tactically~*~*~ (stealth).
  5264 | D:7      | 5264 ||| Stepping ~*~*~tactically~*~*~ (stealth).
  5281 | D:7      | 5281 ||| Stepping ~*~*~tactically~*~*~ (stealth).
  5282 | D:7      | 5282 ||| Stepping ~*~*~tactically~*~*~ (stealth).
  5283 | D:7      | 5283 ||| Stepping ~*~*~tactically~*~*~ (stealth).
  5284 | D:7      | 5284 ||| Stepping ~*~*~tactically~*~*~ (stealth).
  5314 | D:7      | Found an ancient bone altar of Kikubaaqudgha.
  5634 | D:7      | Noticed Joseph
  5643 | D:7      | Killed Joseph
  5801 | D:7      | 5801 ||| INVOKING Heroism.
  5803 | D:7      | 5803 ||| Stepping ~*~*~tactically~*~*~ (cloud).
  5807 | D:7      | 5807 ||| Stepping ~*~*~tactically~*~*~ (cloud).
  5816 | D:7      | 5816 ||| Stepping ~*~*~tactically~*~*~ (cloud).
  5921 | D:7      | 5921 ||| READING scroll labelled NEAP WI QYJAM.
  6022 | D:7      | 6022 ||| READING scroll labelled NERIOLUCRU.
  6023 | D:7      | 6023 ||| READING scroll labelled KOKKUCR QUBBUR.
  6024 | D:7      | 6024 ||| READING scroll labelled JAGAMI HECK.
  6025 | D:7      | 6025 ||| READING 3 scrolls of identify.
  6025 | D:7      | 6025 ||| IDENTIFYING bubbling silvery potion
  6045 | D:8      | 6045 ||| INVOKING Heroism.
  6052 | D:8      | Reached XP level 10. HP: 63/63 MP: 13/13
  6054 | D:8      | 6054 ||| Stepping ~*~*~tactically~*~*~ (hiding).
  6057 | D:8      | 6057 ||| Stepping ~*~*~tactically~*~*~ (hiding).
  6229 | D:8      | 6229 ||| Stepping ~*~*~tactically~*~*~ (stealth).
  6281 | D:8      | 6281 ||| INVOKING Heroism.
  6413 | D:8      | 6413 ||| INVOKING Heroism.
  6613 | D:8      | Found a runed translucent gate.
  6854 | D:8      | Found a runed translucent gate.
  6855 | D:8      | Found a runed translucent gate.
  6856 | D:8      | Noticed qw's ghost (novice GrFi)
  6880 | D:8      | Noticed Psyche
  6881 | D:8      | 6881 ||| INVOKING Heroism.
  6893 | D:8      | Killed Psyche
  7012 | D:8      | 7012 ||| Stepping ~*~*~tactically~*~*~ (hiding).
  7013 | D:8      | 7013 ||| Stepping ~*~*~tactically~*~*~ (hiding).
  7337 | D:8      | Found a shadowy altar of Dithmenos.
  7557 | D:8      | 7557 ||| UPGRADING to amulet of reflection.
  7567 | D:8      | 7567 ||| DROPPING amulet of the acrobat.
  7568 | D:8      | 7568 ||| DRINKING 2 fizzy black potions.
  7568 | D:8      | Gained mutation: Your movements are slightly less
                  | encumbered by armour. (ER -2) [potion of mutation]
  7568 | D:8      | Gained mutation: You are partially covered in large bone
                  | plates. (SH +4) [potion of mutation]
  7597 | D:9      | Noticed a two-headed ogre
  7598 | D:9      | 7598 ||| INVOKING Heroism.
  7614 | D:9      | 7614 ||| INVOKING Heroism.
  7619 | D:9      | Killed a two-headed ogre
  7715 | D:9      | 7715 ||| Stepping ~*~*~tactically~*~*~ (stealth).
  7727 | D:9      | Noticed a two-headed ogre
  7728 | D:9      | 7728 ||| INVOKING Heroism.
  7741 | D:9      | Killed a two-headed ogre
  7741 | D:9      | Reached *** piety under Okawaru
  7742 | D:9      | Reached skill level 6 in Shields
  7746 | D:9      | 7746 ||| FLEEEEING.
  7747 | D:9      | 7747 ||| FLEEEEING.
  7748 | D:9      | 7748 ||| FLEEEEING.
  7751 | D:9      | 7751 ||| FLEEEEING.
  7752 | D:9      | 7752 ||| INVOKING Heroism.
  7771 | D:9      | 7771 ||| Stepping ~*~*~tactically~*~*~ (cloud).
  7929 | D:9      | 7929 ||| Stepping ~*~*~tactically~*~*~ (stealth).
  7930 | D:9      | 7930 ||| Stepping ~*~*~tactically~*~*~ (stealth).
  7932 | D:9      | 7932 ||| Stepping ~*~*~tactically~*~*~ (hiding).
  7933 | D:9      | 7933 ||| Stepping ~*~*~tactically~*~*~ (hiding).
  8110 | D:9      | Found Tieloh's Gadget Gallery.
  8164 | D:9      | Found a stormy altar of Qazlal.
  8324 | D:9      | 8324 ||| DROPPING amulet of regeneration.
  8344 | D:10     | Entered Level 10 of the Dungeon
  8515 | D:10     | Reached XP level 11. HP: 49/69 MP: 14/14
  8628 | D:10     | Reached **** piety under Okawaru
  8629 | D:10     | 8629 ||| FLEEEEING.
  8630 | D:10     | 8630 ||| FLEEEEING.
  8631 | D:10     | 8631 ||| FLEEEEING.
  8632 | D:10     | 8632 ||| FLEEEEING.
  8633 | D:10     | 8633 ||| FLEEEEING.
  8634 | D:10     | 8634 ||| FLEEEEING.
  8635 | D:10     | 8635 ||| FLEEEEING.
  8636 | D:10     | 8636 ||| FLEEEEING.
  8637 | D:10     | 8637 ||| FLEEEEING.
  8638 | D:10     | 8638 ||| FLEEEEING.
  8639 | D:10     | 8639 ||| FLEEEEING.
  8640 | D:10     | 8640 ||| FLEEEEING.
  8641 | D:10     | 8641 ||| FLEEEEING.
  8642 | D:10     | 8642 ||| FLEEEEING.
  8681 | D:10     | Noticed a sun demon
  8681 | D:10     | 8681 ||| INVOKING Heroism.
  8705 | D:10     | Noticed a sun demon
  8709 | D:10     | HP: 12/69 [sun demon[a kobold demonologist] (12)]
  8710 | D:10     | 8710 ||| READING 2 scrolls of teleportation.
  8710 | D:10     | Received a gift from Okawaru
  9039 | D:10     | 9039 ||| INVOKING Heroism.
  9046 | D:10     | Reached skill level 6 in Invocations
  9217 | D:10     | 9217 ||| INVOKING Heroism.
  9557 | D:10     | 9557 ||| UPGRADING to +0 cloak.
  9584 | D:11     | Identified the +3 great mace of the Disturbing Stars
                  | {freeze, Drain rC+ Int+4}
  9594 | D:11     | Noticed a boulder beetle
  9595 | D:11     | 9595 ||| INVOKING Heroism.
  9597 | D:11     | Reached skill level 9 in Fighting
  9611 | D:11     | Killed a boulder beetle
  9649 | D:11     | Reached skill level 9 in Armour
  9667 | D:11     | 9667 ||| INVOKING Heroism.
  9699 | D:11     | 9699 ||| INVOKING Heroism.
  9726 | D:11     | 9726 ||| Stepping ~*~*~tactically~*~*~ (stealth).
  9726 | D:11     | Noticed a two-headed ogre
  9734 | D:11     | 9734 ||| Stepping ~*~*~tactically~*~*~ (hiding).
  9738 | D:11     | 9738 ||| INVOKING Heroism.
  9740 | D:11     | Killed a two-headed ogre
  9803 | D:11     | 9803 ||| FLEEEEING.
  9804 | D:11     | 9804 ||| FLEEEEING.
  9805 | D:11     | 9805 ||| STAIRDANCE
  9905 | D:11     | Reached ***** piety under Okawaru
  9919 | D:11     | 9919 ||| FLEEEEING.
  9920 | D:11     | 9920 ||| FLEEEEING.
  9960 | D:11     | 9960 ||| Stepping ~*~*~tactically~*~*~ (stealth).
  9960 | D:11     | Found a staircase to the Lair.
  9961 | D:11     | 9961 ||| Stepping ~*~*~tactically~*~*~ (stealth).
  9965 | D:11     | Noticed a two-headed ogre
  9966 | D:11     | 9966 ||| INVOKING Heroism.
  9968 | D:11     | Noticed Josephine
  9978 | D:11     | Killed a two-headed ogre
  9979 | D:11     | Reached XP level 12. HP: 50/76 MP: 18/18
  9980 | D:11     | Killed Josephine
  9986 | D:11     | Reached skill level 12 in Axes
 10058 | D:11     | 10058 ||| INVOKING Heroism.
 10243 | D:11     | 10243 ||| Stepping ~*~*~tactically~*~*~ (hiding).
 10244 | D:11     | 10244 ||| Stepping ~*~*~tactically~*~*~ (hiding).
 10247 | D:11     | 10247 ||| Stepping ~*~*~tactically~*~*~ (stealth).
 10248 | D:11     | 10248 ||| Stepping ~*~*~tactically~*~*~ (hiding).
 10249 | D:11     | 10249 ||| Stepping ~*~*~tactically~*~*~ (hiding).
 10255 | D:11     | Reached skill level 9 in Invocations
 10283 | D:11     | 10283 ||| FLEEEEING.
 10284 | D:11     | 10284 ||| FLEEEEING.
 10285 | D:11     | 10285 ||| FLEEEEING.
 10286 | D:11     | 10286 ||| FLEEEEING.
 10287 | D:11     | 10287 ||| FLEEEEING.
 10288 | D:11     | 10288 ||| FLEEEEING.
 10289 | D:11     | 10289 ||| FLEEEEING.
 10290 | D:11     | 10290 ||| FLEEEEING.
 10292 | D:11     | 10292 ||| FLEEEEING.
 10293 | D:11     | 10293 ||| FLEEEEING.
 10294 | D:11     | 10294 ||| FLEEEEING.
 10295 | D:11     | 10295 ||| FLEEEEING.
 10296 | D:11     | 10296 ||| FLEEEEING.
 10297 | D:11     | 10297 ||| FLEEEEING.
 10298 | D:11     | 10298 ||| FLEEEEING.
 10299 | D:11     | 10299 ||| FLEEEEING.
 10300 | D:11     | 10300 ||| FLEEEEING.
 10301 | D:11     | 10301 ||| FLEEEEING.
 10302 | D:11     | 10302 ||| STAIRDANCE
 10330 | D:10     | 10330 ||| UPGRADING to +0 kite shield.
 10340 | D:10     | 10340 ||| DROPPING +0 buckler.
 10354 | D:11     | Noticed a two-headed ogre
 10355 | D:11     | 10355 ||| Stepping ~*~*~tactically~*~*~ (stealth).
 10358 | D:11     | 10358 ||| Stepping ~*~*~tactically~*~*~ (stealth).
 10367 | D:11     | Killed a two-headed ogre
 10367 | D:11     | Received a gift from Okawaru
 10380 | D:11     | Found a staircase to the Orcish Mines.
 10383 | D:11     | 10383 ||| Stepping ~*~*~tactically~*~*~ (stealth).
 10384 | D:11     | 10384 ||| Stepping ~*~*~tactically~*~*~ (stealth).
 10385 | D:11     | 10385 ||| Stepping ~*~*~tactically~*~*~ (stealth).
 10497 | D:11     | Noticed a deep elf knight
 10499 | D:11     | 10499 ||| Stepping ~*~*~tactically~*~*~ (hiding).
 10501 | D:11     | 10501 ||| Stepping ~*~*~tactically~*~*~ (hiding).
 10515 | D:11     | Killed a deep elf knight
 10517 | D:11     | 10517 ||| INVOKING Heroism.
 10520 | D:11     | 10520 ||| Stepping ~*~*~tactically~*~*~ (stealth).
 10534 | D:11     | Noticed Lodul
 10535 | D:11     | 10535 ||| Stepping ~*~*~tactically~*~*~ (stealth).
 10554 | D:11     | 10554 ||| DRINKING 6 potions of curing.
 10554 | D:11     | 10554 ||| (to cure confusion)
 10556 | D:11     | Killed Lodul
 10564 | D:11     | 10564 ||| Stepping ~*~*~tactically~*~*~ (stealth).
 10596 | D:11     | 10596 ||| FLEEEEING.
 10597 | D:11     | 10597 ||| FLEEEEING.
 10598 | D:11     | 10598 ||| STAIRDANCE
 10644 | D:11     | 10644 ||| STAIRDANCE
 10707 | D:11     | 10707 ||| Stepping ~*~*~tactically~*~*~ (stealth).
 10708 | D:11     | 10708 ||| Stepping ~*~*~tactically~*~*~ (stealth).
 10713 | D:11     | 10713 ||| INVOKING Heroism.
 10762 | D:11     | Noticed a centaur warrior
 10770 | D:11     | Killed a centaur warrior
 10792 | D:11     | Noticed a centaur warrior
 10793 | D:11     | 10793 ||| Stepping ~*~*~tactically~*~*~ (stealth).
 10794 | D:11     | 10794 ||| Stepping ~*~*~tactically~*~*~ (stealth).
 10804 | D:11     | Killed a centaur warrior
 10804 | D:11     | Received a gift from Okawaru
 10810 | D:11     | 10810 ||| SWAPPING to +7 broad axe of electrocution.
 10811 | D:11     | 10811 ||| DROPPING +1 war axe of venom.
 10836 | D:11     | Reached skill level 9 in Shields
 10836 | D:11     | 10836 ||| FLEEEEING.
 10837 | D:11     | 10837 ||| FLEEEEING.
 10838 | D:11     | 10838 ||| FLEEEEING.
 10839 | D:11     | 10839 ||| FLEEEEING.
 10840 | D:11     | 10840 ||| FLEEEEING.
 10841 | D:11     | 10841 ||| FLEEEEING.
 10856 | D:11     | 10856 ||| Stepping ~*~*~tactically~*~*~ (stealth).
 11009 | D:11     | 11009 ||| Stepping ~*~*~tactically~*~*~ (stealth).
 11020 | D:11     | Reached skill level 3 in Throwing
 11107 | D:11     | Noticed a fire giant
 11108 | D:11     | 11108 ||| Stepping ~*~*~tactically~*~*~ (hiding).
 11110 | D:11     | 11110 ||| INVOKING Heroism.
 11111 | D:11     | 11111 ||| INVOKING Finesse.
 11115 | D:11     | Killed a fire giant
 11287 | D:11     | 11287 ||| PLANNING LAIR
 11287 | D:11     | 11287 ||| READING scroll labelled BUMOOTOIMA.
 11298 | D:11     | 11298 ||| Stepping ~*~*~tactically~*~*~ (stealth).
 11320 | Lair:1   | Entered Level 1 of the Lair of Beasts
 11356 | Lair:1   | 11356 ||| INVOKING Heroism.
 11360 | Lair:1   | Reached XP level 13. HP: 80/80 MP: 20/20
 11442 | Lair:1   | 11442 ||| Stepping ~*~*~tactically~*~*~ (stealth).
 11465 | Lair:1   | Reached ****** piety under Okawaru
 11538 | Lair:1   | 11538 ||| INVOKING Heroism.
 11543 | Lair:1   | Identified the +1 buckler of Pride {*Corrode rN+ Regen+
                  | Dex+3} (Okawaru gifted it to you on level 1 of the Lair of
                  | Beasts)
 11543 | Lair:1   | Received a gift from Okawaru
 11561 | Lair:1   | 11561 ||| Stepping ~*~*~tactically~*~*~ (hiding).
 11620 | Lair:1   | 11620 ||| INVOKING Heroism.
 11626 | Lair:1   | 11626 ||| Stepping ~*~*~tactically~*~*~ (stealth).
 11627 | Lair:1   | 11627 ||| Stepping ~*~*~tactically~*~*~ (stealth).
 11634 | Lair:1   | 11634 ||| Stepping ~*~*~tactically~*~*~ (stealth).
 11696 | Lair:1   | 11696 ||| Stepping ~*~*~tactically~*~*~ (stealth).
 11707 | Lair:1   | 11707 ||| Stepping ~*~*~tactically~*~*~ (stealth).
 11720 | Lair:1   | 11720 ||| Stepping ~*~*~tactically~*~*~ (stealth).
 11840 | Lair:1   | 11840 ||| Stepping ~*~*~tactically~*~*~ (stealth).
 11841 | Lair:1   | 11841 ||| INVOKING Heroism.
 12354 | Lair:1   | 12354 ||| UPGRADING to ring of protection from fire.
 12355 | Lair:1   | 12355 ||| READING scroll labelled JARREAHECWY.
 12391 | Lair:2   | 12391 ||| Stepping ~*~*~tactically~*~*~ (stealth).
 12392 | Lair:2   | 12392 ||| Stepping ~*~*~tactically~*~*~ (stealth).
 12425 | Lair:2   | 12425 ||| INVOKING Heroism.
 12652 | Lair:2   | 12652 ||| INVOKING Heroism.
 12668 | Lair:2   | Found a staircase to the Snake Pit.
 12907 | Lair:2   | Found a staircase to the Shoals.
 12912 | Lair:2   | 12912 ||| INVOKING Heroism.
 12913 | Lair:2   | 12913 ||| INVOKING Finesse.
 12922 | Lair:2   | 12922 ||| SWAPPING to +0 morningstar of venom.
 12929 | Lair:2   | Gained mutation: Your large and strong wings let you fly.
                  | [Gargoyle growth]
 12929 | Lair:2   | Reached XP level 14. HP: 83/88 MP: 21/21
 12929 | Lair:2   | 12929 ||| SWAPPING to +7 broad axe of electrocution.
 13254 | Lair:2   | 13254 ||| READING 2 scrolls labelled LAGISU MAAR.
 13255 | Lair:2   | 13255 ||| READING scroll labelled LUCWOT WAOT.
 13256 | Lair:2   | 13256 ||| DROPPING scroll of fog.
 13304 | Lair:3   | Noticed Urug
 13305 | Lair:3   | 13305 ||| INVOKING Heroism.
 13306 | Lair:3   | 13306 ||| INVOKING Finesse.
 13317 | Lair:3   | Killed Urug
 13463 | Lair:3   | Noticed Amaemon
 13464 | Lair:3   | 13464 ||| INVOKING Heroism.
 13465 | Lair:3   | 13465 ||| INVOKING Finesse.
 13472 | Lair:3   | 13472 ||| SWAPPING to +0 morningstar of venom.
 13477 | Lair:3   | Received a gift from Okawaru
 13478 | Lair:3   | 13478 ||| SWAPPING to +7 broad axe of electrocution.
 13479 | Lair:3   | Killed Amaemon
 13480 | Lair:3   | Reached skill level 3 in Dodging
 13510 | Lair:3   | 13510 ||| DROPPING +0 morningstar of venom.
 13763 | Lair:3   | 13763 ||| Stepping ~*~*~tactically~*~*~ (stealth).
 13791 | Lair:3   | 13791 ||| Stepping ~*~*~tactically~*~*~ (stealth).
 13847 | Lair:3   | 13847 ||| Stepping ~*~*~tactically~*~*~ (stealth).
 13848 | Lair:3   | 13848 ||| Stepping ~*~*~tactically~*~*~ (stealth).
 13851 | Lair:3   | 13851 ||| Stepping ~*~*~tactically~*~*~ (stealth).
 14216 | Lair:3   | 14216 ||| DRINKING 2 viscous white potions.
 14217 | Lair:3   | 14217 ||| READING 9 scrolls of identify.
 14217 | Lair:3   | 14217 ||| IDENTIFYING silvery potion
 14276 | Lair:4   | 14276 ||| Stepping ~*~*~tactically~*~*~ (stealth).
 14279 | Lair:4   | 14279 ||| Stepping ~*~*~tactically~*~*~ (stealth).
 14298 | Lair:4   | 14298 ||| INVOKING Heroism.
 14299 | Lair:4   | 14299 ||| INVOKING Finesse.
 14571 | Lair:4   | Identified the +0 chain mail of Springtime {Will- Int+4}
                  | (Okawaru gifted it to you on level 4 of the Lair of Beasts)
 14571 | Lair:4   | Received a gift from Okawaru
 14634 | Lair:4   | 14634 ||| INVOKING Heroism.
 14655 | Lair:4   | 14655 ||| INVOKING Finesse.
 14694 | Lair:4   | Reached skill level 12 in Shields
 14755 | Lair:4   | 14755 ||| READING scroll of enchant armour.
 14755 | Lair:4   | 14755 ||| ENCHANTING +0 pair of gloves.
 14772 | Lair:4   | 14772 ||| Stepping ~*~*~tactically~*~*~ (stealth).
 14775 | Lair:4   | 14775 ||| Stepping ~*~*~tactically~*~*~ (stealth).
 14776 | Lair:4   | 14776 ||| Stepping ~*~*~tactically~*~*~ (stealth).
 14881 | Lair:4   | 14881 ||| Stepping ~*~*~tactically~*~*~ (stealth).
 15024 | Lair:4   | 15024 ||| Stepping ~*~*~tactically~*~*~ (stealth).
 15065 | Lair:4   | 15065 ||| Stepping ~*~*~tactically~*~*~ (stealth).
 15107 | Lair:4   | 15107 ||| Stepping ~*~*~tactically~*~*~ (stealth).
 15231 | Lair:4   | 15231 ||| FLEEEEING.
 15231 | Lair:4   | Found a viscous altar of Jiyva.
 15232 | Lair:4   | Found a staircase to the Slime Pits.
 15233 | Lair:4   | 15233 ||| FLEEEEING.
 15362 | Lair:4   | 15362 ||| FLEEEEING.
 15482 | Lair:4   | 15482 ||| INVOKING Heroism.
 15483 | Lair:4   | 15483 ||| INVOKING Finesse.
 15632 | Lair:4   | 15632 ||| DROPPING +0 chain mail of Springtime {Will-
                  | Int+4}.
 15633 | Lair:4   | 15633 ||| READING 11 scrolls of identify.
 15633 | Lair:4   | 15633 ||| IDENTIFYING dark potion
 15634 | Lair:4   | 15634 ||| DROPPING potion of ambrosia.
 15660 | Lair:5   | Entered Level 5 of the Lair of Beasts
 15674 | Lair:5   | Reached skill level 15 in Axes
 15779 | Lair:5   | Reached XP level 15. HP: 95/95 MP: 22/22
 15818 | Lair:5   | Identified the +5 tower shield of Egasyib {rN+} (Okawaru
                  | gifted it to you on level 5 of the Lair of Beasts)
 15818 | Lair:5   | Received a gift from Okawaru
 15903 | Lair:5   | 15903 ||| Stepping ~*~*~tactically~*~*~ (stealth).
 15917 | Lair:5   | Reached skill level 12 in Fighting
 15952 | Lair:5   | 15952 ||| INVOKING Heroism.
 15953 | Lair:5   | 15953 ||| INVOKING Finesse.
 16230 | Lair:5   | 16230 ||| Stepping ~*~*~tactically~*~*~ (stealth).
 16237 | Lair:5   | 16237 ||| Stepping ~*~*~tactically~*~*~ (stealth).
 16243 | Lair:5   | 16243 ||| INVOKING Heroism.
 16265 | Lair:5   | 16265 ||| Stepping ~*~*~tactically~*~*~ (hiding).
 16275 | Lair:5   | 16275 ||| INVOKING Heroism.
 16277 | Lair:5   | Reached skill level 12 in Armour
 16305 | Lair:5   | 16305 ||| Stepping ~*~*~tactically~*~*~ (stealth).
 16347 | Lair:5   | 16347 ||| FLEEEEING.
 16349 | Lair:5   | 16349 ||| FLEEEEING.
 16350 | Lair:5   | 16350 ||| FLEEEEING.
 16351 | Lair:5   | 16351 ||| FLEEEEING.
 16358 | Lair:5   | 16358 ||| Stepping ~*~*~tactically~*~*~ (stealth).
 16363 | Lair:5   | 16363 ||| FLEEEEING.
 16364 | Lair:5   | 16364 ||| FLEEEEING.
 16365 | Lair:5   | 16365 ||| FLEEEEING.
 16366 | Lair:5   | 16366 ||| FLEEEEING.
 16367 | Lair:5   | 16367 ||| FLEEEEING.
 16368 | Lair:5   | 16368 ||| FLEEEEING.
 16373 | Lair:5   | 16373 ||| FLEEEEING.
 16374 | Lair:5   | 16374 ||| FLEEEEING.
 16375 | Lair:5   | 16375 ||| FLEEEEING.
 16376 | Lair:5   | 16376 ||| FLEEEEING.
 16377 | Lair:5   | 16377 ||| FLEEEEING.
 16378 | Lair:5   | 16378 ||| FLEEEEING.
 16379 | Lair:5   | 16379 ||| STAIRDANCE
 16422 | Lair:4   | 16422 ||| UPGRADING to +5 tower shield of Egasyib {rN+}.
 16432 | Lair:4   | 16432 ||| DROPPING +0 kite shield.
 16433 | Lair:4   | 16433 ||| DROPPING +3 chain mail.
 16438 | Lair:5   | 16438 ||| INVOKING Heroism.
 16546 | Lair:5   | 16546 ||| INVOKING Heroism.
 16572 | Lair:5   | 16572 ||| Stepping ~*~*~tactically~*~*~ (stealth).
 16577 | Lair:5   | 16577 ||| Stepping ~*~*~tactically~*~*~ (stealth).
 16580 | Lair:5   | 16580 ||| Stepping ~*~*~tactically~*~*~ (stealth).
 16582 | Lair:5   | 16582 ||| Stepping ~*~*~tactically~*~*~ (stealth).
 16612 | Lair:5   | 16612 ||| Stepping ~*~*~tactically~*~*~ (stealth).
 16664 | Lair:5   | 16664 ||| Stepping ~*~*~tactically~*~*~ (stealth).
 16677 | Lair:5   | 16677 ||| INVOKING Heroism.
 16764 | Lair:5   | 16764 ||| Stepping ~*~*~tactically~*~*~ (stealth).
 16776 | Lair:5   | 16776 ||| DROPPING -1 demon whip of venom.
 16872 | Lair:5   | 16872 ||| INVOKING Heroism.
 16877 | Lair:5   | 16877 ||| SWAPPING to +2 war axe of flaming.
 16883 | Lair:5   | 16883 ||| SWAPPING to +7 broad axe of electrocution.
 16969 | Lair:5   | 16969 ||| PLANNING D
 17178 | D:12     | 17178 ||| Stepping ~*~*~tactically~*~*~ (stealth).
 17200 | D:12     | 17200 ||| READING scroll of enchant weapon.
 17200 | D:12     | 17200 ||| ENCHANTING +7 broad axe of electrocution.
 17321 | D:12     | 17321 ||| Stepping ~*~*~tactically~*~*~ (stealth).
 17329 | D:12     | 17329 ||| Stepping ~*~*~tactically~*~*~ (stealth).
 17330 | D:12     | 17330 ||| Stepping ~*~*~tactically~*~*~ (stealth).
 17332 | D:12     | 17332 ||| Stepping ~*~*~tactically~*~*~ (hiding).
 17334 | D:12     | 17334 ||| Stepping ~*~*~tactically~*~*~ (hiding).
 17343 | D:12     | 17343 ||| Stepping ~*~*~tactically~*~*~ (hiding).
 17359 | D:12     | Received a gift from Okawaru
 17374 | D:12     | 17374 ||| Stepping ~*~*~tactically~*~*~ (stealth).
 17393 | D:12     | 17393 ||| Stepping ~*~*~tactically~*~*~ (hiding).
 17394 | D:12     | 17394 ||| Stepping ~*~*~tactically~*~*~ (hiding).
 17397 | D:12     | 17397 ||| Stepping ~*~*~tactically~*~*~ (hiding).
 17398 | D:12     | 17398 ||| Stepping ~*~*~tactically~*~*~ (hiding).
 17400 | D:12     | 17400 ||| Stepping ~*~*~tactically~*~*~ (hiding).
 17439 | D:12     | 17439 ||| Stepping ~*~*~tactically~*~*~ (hiding).
 17474 | D:12     | Identified the staff of conjuration "Riza Vegg" {Str+5
                  | Dex+5}
 17704 | D:12     | 17704 ||| Stepping ~*~*~tactically~*~*~ (hiding).
 18293 | D:13     | 18293 ||| INVOKING Heroism.
 18294 | D:13     | 18294 ||| SWAPPING to +2 war axe of flaming.
 18301 | D:13     | 18301 ||| SWAPPING to +8 broad axe of electrocution.
 18647 | D:13     | 18647 ||| Stepping ~*~*~tactically~*~*~ (hiding).
 18813 | D:14     | Noticed Rupert
 18813 | D:14     | Found a gate to the Vaults.
 18814 | D:14     | 18814 ||| INVOKING Heroism.
 18826 | D:14     | Killed Rupert
 18826 | D:14     | Received a gift from Okawaru
 18828 | D:14     | Received a gift from Okawaru
 18834 | D:14     | Reached skill level 15 in Shields
 18958 | D:14     | Reached XP level 16. HP: 101/101 MP: 23/23
 18976 | D:14     | 18976 ||| INVOKING Heroism.
 18977 | D:14     | 18977 ||| READING 3 scrolls of teleportation.
 18999 | D:14     | Found a sparkling altar of Nemelex Xobeh.
 19020 | D:14     | 19020 ||| Stepping ~*~*~tactically~*~*~ (hiding).
 19021 | D:14     | 19021 ||| Stepping ~*~*~tactically~*~*~ (hiding).
 19065 | D:14     | 19065 ||| Stepping ~*~*~tactically~*~*~ (stealth).
 19068 | D:14     | 19068 ||| INVOKING Heroism.
 19127 | D:14     | Noticed Roxanne
 19128 | D:14     | 19128 ||| INVOKING Heroism.
 19143 | D:14     | Killed Roxanne
 19250 | D:14     | 19250 ||| INVOKING Heroism.
 19446 | D:14     | 19446 ||| Stepping ~*~*~tactically~*~*~ (hiding).
 19674 | D:14     | 19674 ||| Stepping ~*~*~tactically~*~*~ (hiding).
 19675 | D:14     | 19675 ||| Stepping ~*~*~tactically~*~*~ (hiding).
 19778 | D:14     | 19778 ||| DROPPING amulet of guardian spirit.
 19796 | D:15     | Entered Level 15 of the Dungeon
 19945 | D:15     | 19945 ||| INVOKING Heroism.
 19955 | D:15     | 19955 ||| Stepping ~*~*~tactically~*~*~ (hiding).
 19956 | D:15     | 19956 ||| Stepping ~*~*~tactically~*~*~ (hiding).
 19956 | D:15     | Noticed Azrael
 19957 | D:15     | 19957 ||| Stepping ~*~*~tactically~*~*~ (hiding).
 19958 | D:15     | 19958 ||| Stepping ~*~*~tactically~*~*~ (hiding).
 19959 | D:15     | 19959 ||| Stepping ~*~*~tactically~*~*~ (hiding).
 19960 | D:15     | 19960 ||| Stepping ~*~*~tactically~*~*~ (stealth).
 19969 | D:15     | Killed Azrael
 19972 | D:15     | Reached skill level 6 in Throwing
 19980 | D:15     | 19980 ||| INVOKING Heroism.
 19993 | D:15     | 19993 ||| Stepping ~*~*~tactically~*~*~ (stealth).
 19995 | D:15     | 19995 ||| Stepping ~*~*~tactically~*~*~ (stealth).
 20009 | D:15     | 20009 ||| Stepping ~*~*~tactically~*~*~ (stealth).
 20010 | D:15     | 20010 ||| Stepping ~*~*~tactically~*~*~ (stealth).
 20011 | D:15     | 20011 ||| Stepping ~*~*~tactically~*~*~ (stealth).
 20013 | D:15     | 20013 ||| Stepping ~*~*~tactically~*~*~ (stealth).
 20036 | D:15     | 20036 ||| INVOKING Heroism.
 20071 | D:15     | 20071 ||| Stepping ~*~*~tactically~*~*~ (stealth).
 20072 | D:15     | 20072 ||| Stepping ~*~*~tactically~*~*~ (stealth).
 20097 | D:15     | 20097 ||| Stepping ~*~*~tactically~*~*~ (hiding).
 20101 | D:15     | 20101 ||| INVOKING Heroism.
 20216 | D:15     | 20216 ||| Stepping ~*~*~tactically~*~*~ (hiding).
 20377 | D:15     | 20377 ||| Stepping ~*~*~tactically~*~*~ (hiding).
 20379 | D:15     | 20379 ||| Stepping ~*~*~tactically~*~*~ (hiding).
 20380 | D:15     | 20380 ||| INVOKING Heroism.
 20456 | D:15     | Noticed Agnes
 20457 | D:15     | 20457 ||| INVOKING Heroism.
 20461 | D:15     | Killed Agnes
 20669 | D:15     | 20669 ||| Stepping ~*~*~tactically~*~*~ (stealth).
 20677 | D:15     | 20677 ||| Stepping ~*~*~tactically~*~*~ (hiding).
 20813 | D:15     | 20813 ||| Stepping ~*~*~tactically~*~*~ (stealth).
 20814 | D:15     | 20814 ||| INVOKING Heroism.
 20843 | D:15     | Found a staircase to the Depths.
 20868 | D:15     | 20868 ||| PLANNING ORC
 20868 | D:15     | 20868 ||| UPGRADING to +2 cloak.
 20878 | D:15     | 20878 ||| DROPPING +0 cloak.
 20879 | D:15     | 20879 ||| READING 13 scrolls of identify.
 20879 | D:15     | 20879 ||| IDENTIFYING bubbling coppery potion
 20880 | D:15     | 20880 ||| DROPPING potion of invisibility.
 20982 | Orc:1    | Entered Level 1 of the Orcish Mines
 20990 | Orc:1    | 20990 ||| INVOKING Heroism.
 20996 | Orc:1    | 20996 ||| Stepping ~*~*~tactically~*~*~ (hiding).
 20997 | Orc:1    | 20997 ||| Stepping ~*~*~tactically~*~*~ (hiding).
 21013 | Orc:1    | 21013 ||| Stepping randomly (disturbance).
 21017 | Orc:1    | 21017 ||| DRINKING 9 potions of curing.
 21017 | Orc:1    | 21017 ||| (to cure confusion)
 21062 | Orc:1    | 21062 ||| Stepping ~*~*~tactically~*~*~ (hiding).
 21065 | Orc:1    | 21065 ||| FLEEEEING.
 21066 | Orc:1    | 21066 ||| FLEEEEING.
 21067 | Orc:1    | 21067 ||| FLEEEEING.
 21068 | Orc:1    | 21068 ||| FLEEEEING.
 21069 | Orc:1    | 21069 ||| STAIRDANCE
 21085 | D:11     | 21085 ||| Stepping ~*~*~tactically~*~*~ (stealth).
 21188 | Orc:1    | 21188 ||| INVOKING Heroism.
 21207 | Orc:1    | 21207 ||| Stepping ~*~*~tactically~*~*~ (hiding).
 21467 | Orc:2    | Entered Level 2 of the Orcish Mines
 21467 | Orc:2    | Found a staircase to the Elven Halls.
 21478 | Orc:2    | 21478 ||| INVOKING Heroism.
 21597 | Orc:2    | 21597 ||| FLEEEEING.
 21598 | Orc:2    | 21598 ||| FLEEEEING.
 21599 | Orc:2    | 21599 ||| FLEEEEING.
 21600 | Orc:2    | 21600 ||| FLEEEEING.
 21601 | Orc:2    | 21601 ||| FLEEEEING.
 21602 | Orc:2    | 21602 ||| FLEEEEING.
 21603 | Orc:2    | 21603 ||| FLEEEEING.
 21604 | Orc:2    | 21604 ||| FLEEEEING.
 21605 | Orc:2    | 21605 ||| FLEEEEING.
 21606 | Orc:2    | 21606 ||| FLEEEEING.
 21607 | Orc:2    | 21607 ||| FLEEEEING.
 21608 | Orc:2    | 21608 ||| FLEEEEING.
 21609 | Orc:2    | 21609 ||| FLEEEEING.
 21801 | Orc:2    | 21801 ||| INVOKING Heroism.
 21839 | Orc:2    | 21839 ||| INVOKING Heroism.
 21868 | Orc:2    | 21868 ||| FLEEEEING.
 21907 | Orc:2    | 21907 ||| INVOKING Heroism.
 22002 | Orc:2    | 22002 ||| Stepping ~*~*~tactically~*~*~ (hiding).
 22003 | Orc:2    | 22003 ||| Stepping ~*~*~tactically~*~*~ (hiding).
 22004 | Orc:2    | 22004 ||| Stepping ~*~*~tactically~*~*~ (hiding).
 22027 | Orc:2    | Found Biciuf's Book Shop.
 22027 | Orc:2    | Found Nazaerr's Armour Shoppe.
 22029 | Orc:2    | Found Foahes's Assorted Antiques.
 22031 | Orc:2    | Found Yqamp's Jewellery Boutique.
 22036 | Orc:2    | 22036 ||| BUYING +1 plate armour of fire resistance (630
                  | gold).
 22036 | Orc:2    | Bought a +1 plate armour of fire resistance for 630 gold
                  | pieces
 22038 | Orc:2    | 22038 ||| BUYING potion of heal wounds (110 gold).
 22038 | Orc:2    | Bought a potion of heal wounds for 110 gold pieces
 22038 | Orc:2    | 22038 ||| BUYING potion of mutation (176 gold).
 22038 | Orc:2    | Bought a potion of mutation for 176 gold pieces
 22038 | Orc:2    | 22038 ||| BUYING scroll of enchant armour (165 gold).
 22038 | Orc:2    | Bought a scroll of enchant armour for 165 gold pieces
 22038 | Orc:2    | 22038 ||| READING scroll of enchant armour.
 22038 | Orc:2    | 22038 ||| ENCHANTING +1 pair of gloves.
 22044 | Orc:2    | 22044 ||| BUYING +4 ring of protection (504 gold).
 22044 | Orc:2    | Bought a +4 ring of protection for 504 gold pieces
 22044 | Orc:2    | 22044 ||| BUYING ring of ice (350 gold).
 22044 | Orc:2    | Bought a ring of ice for 350 gold pieces
 22044 | Orc:2    | 22044 ||| BUYING ring of protection from fire (350 gold).
 22044 | Orc:2    | Bought a ring of protection from fire for 350 gold pieces
 22044 | Orc:2    | 22044 ||| BUYING ring of see invisible (210 gold).
 22044 | Orc:2    | Bought a ring of see invisible for 210 gold pieces
 22044 | Orc:2    | 22044 ||| SHOPLISTING ring of the Equinox {Drain rN+ Dex+2
                  | Slay+2} (476 gold, have 84).
 22044 | Orc:2    | 22044 ||| SHOPLISTING ring of willpower (350 gold, have
                  | 84).
 22086 | Orc:2    | Found an opulent altar of Gozag.
 22087 | Orc:2    | Found a runed translucent gate.
 22087 | Orc:2    | Found a runed translucent gate.
 22087 | Orc:2    | Found a runed translucent gate.
 22091 | Orc:2    | Noticed qw's ghost (journeyman GrFi)
 22092 | Orc:2    | Found Fyugampuf's Assorted Antiques.
 22106 | Orc:2    | Found a burning altar of Makhleb.
 22132 | Orc:2    | Identified the +7 whip "Moeqyj" {heavy, Dex-2 SInv Stlth+}
 22152 | Orc:2    | Received a gift from Okawaru
 22195 | Orc:2    | 22195 ||| UPGRADING to +4 plate armour.
 22205 | Orc:2    | 22205 ||| DROPPING +1 plate armour.
 22206 | Orc:2    | 22206 ||| UPGRADING to +4 ring of protection.
 22208 | Orc:2    | 22208 ||| UPGRADING to ring of see invisible.
 22219 | Orc:1    | 22219 ||| INVOKING Heroism.
 22288 | Orc:1    | 22288 ||| Stepping ~*~*~tactically~*~*~ (hiding).
 22537 | Orc:2    | 22537 ||| PLANNING SHOALS:1-3
 22650 | Shoals:1 | Entered Level 1 of the Shoals
 22752 | Shoals:1 | 22752 ||| INVOKING Heroism.
 22796 | Shoals:1 | 22796 ||| READING scroll of enchant armour.
 22796 | Shoals:1 | 22796 ||| ENCHANTING +0 pair of boots.
 22799 | Shoals:1 | Found Qishry's Armour Shop.
 22812 | Shoals:1 | 22812 ||| INVOKING Heroism.
 22884 | Shoals:1 | 22884 ||| SHOPLISTING +0 crystal plate armour (1040 gold,
                  | have 350).
 22884 | Shoals:1 | 22884 ||| BUYING +0 scale mail "Pihigug" {rPois Will+
                  | rCorr} (343 gold).
 22884 | Shoals:1 | Bought the +0 scale mail "Pihigug" {rPois Will+ rCorr} for
                  | 343 gold pieces
 23058 | Shoals:1 | Reached XP level 17. HP: 87/106 MP: 24/24
 23153 | Shoals:1 | 23153 ||| Stepping ~*~*~tactically~*~*~ (hiding).
 23155 | Shoals:1 | 23155 ||| Stepping ~*~*~tactically~*~*~ (hiding).
 23478 | Shoals:1 | 23478 ||| DROPPING +0 acid dragon scales.
 23540 | Shoals:2 | 23540 ||| INVOKING Heroism.
 23564 | Shoals:2 | 23564 ||| INVOKING Heroism.
 23732 | Shoals:2 | 23732 ||| Stepping ~*~*~tactically~*~*~ (hiding).
 23733 | Shoals:2 | 23733 ||| Stepping ~*~*~tactically~*~*~ (hiding).
 23895 | Shoals:2 | 23895 ||| Stepping ~*~*~tactically~*~*~ (hiding).
 23896 | Shoals:2 | 23896 ||| Stepping ~*~*~tactically~*~*~ (hiding).
 24328 | Shoals:2 | 24328 ||| Stepping ~*~*~tactically~*~*~ (hiding).
 24329 | Shoals:2 | 24329 ||| Stepping ~*~*~tactically~*~*~ (hiding).
 24542 | Shoals:3 | 24542 ||| INVOKING Heroism.
 24561 | Shoals:3 | 24561 ||| Stepping ~*~*~tactically~*~*~ (hiding).
 24563 | Shoals:3 | 24563 ||| Stepping ~*~*~tactically~*~*~ (hiding).
 24610 | Shoals:3 | 24610 ||| INVOKING Heroism.
 24706 | Shoals:3 | 24706 ||| INVOKING Heroism.
 24723 | Shoals:3 | 24723 ||| READING scroll of enchant armour.
 24723 | Shoals:3 | 24723 ||| ENCHANTING +1 pair of boots.
 24729 | Shoals:3 | 24729 ||| INVOKING Heroism.
 24793 | Shoals:3 | 24793 ||| INVOKING Heroism.
 24796 | Shoals:3 | Received a gift from Okawaru
 24994 | Shoals:3 | Identified the +5 flail of Dithmenos's Grace {speed, Will+}
 25173 | Shoals:3 | Identified the amulet "Tume Nimn" {Reflect Harm Regen+ SH+5
                  | Stlth+}
 25505 | Shoals:3 | 25505 ||| PLANNING SNAKE:1-3
 25505 | Shoals:3 | 25505 ||| UPGRADING to amulet of faith.
 25607 | Snake:1  | Entered Level 1 of the Snake Pit
 25672 | Snake:1  | Found Mited's Weapon Boutique.
 25702 | Snake:1  | 25702 ||| Stepping ~*~*~tactically~*~*~ (hiding).
 25704 | Snake:1  | 25704 ||| Stepping ~*~*~tactically~*~*~ (stealth).
 25705 | Snake:1  | 25705 ||| Stepping ~*~*~tactically~*~*~ (hiding).
 26045 | Snake:1  | 26045 ||| READING scroll of enchant armour.
 26045 | Snake:1  | 26045 ||| ENCHANTING +4 plate armour.
 26106 | Snake:1  | Found Zattepp's Jewellery Boutique.
 26106 | Snake:1  | Found Purem's Armour Shop.
 26114 | Snake:1  | 26114 ||| SHOPLISTING ring "Haniuk" {rElec rC+ Str-3 Int+7
                  | Slay+3} (1020 gold, have 321).
 26114 | Snake:1  | 26114 ||| SHOPLISTING ring "Paseuw" {rN+ AC+4} (802 gold,
                  | have 321).
 26114 | Snake:1  | 26114 ||| SHOPLISTING ring of protection from cold (425
                  | gold, have 321).
 26114 | Snake:1  | 26114 ||| SHOPLISTING ring of willpower (425 gold, have
                  | 321).
 26174 | Snake:1  | Found a frozen archway.
 26238 | Snake:1  | 26238 ||| Stepping ~*~*~tactically~*~*~ (hiding).
 26664 | Snake:1  | Received a gift from Okawaru
 26960 | Snake:2  | Found a runed translucent door.
 26961 | Snake:2  | Noticed qw's ghost (adept GrFi)
 27175 | Snake:2  | Received a gift from Okawaru
 27186 | Snake:2  | 27186 ||| Stepping ~*~*~tactically~*~*~ (stealth).
 27205 | Snake:2  | 27205 ||| Stepping ~*~*~tactically~*~*~ (hiding).
 27242 | Snake:2  | 27242 ||| Stepping ~*~*~tactically~*~*~ (hiding).
 27432 | Snake:2  | 27432 ||| Stepping ~*~*~tactically~*~*~ (stealth).
 27460 | Snake:2  | 27460 ||| Stepping ~*~*~tactically~*~*~ (stealth).
 27464 | Snake:2  | 27464 ||| Stepping ~*~*~tactically~*~*~ (stealth).
 27482 | Snake:2  | 27482 ||| Stepping ~*~*~tactically~*~*~ (stealth).
 27492 | Snake:2  | 27492 ||| Stepping ~*~*~tactically~*~*~ (hiding).
 27508 | Snake:2  | Reached skill level 18 in Axes
 27553 | Snake:2  | 27553 ||| INVOKING Heroism.
 27857 | Snake:2  | 27857 ||| Stepping ~*~*~tactically~*~*~ (hiding).
 27866 | Snake:2  | 27866 ||| Stepping ~*~*~tactically~*~*~ (hiding).
 27945 | Snake:2  | Found Kecivveba's Jewellery Shop.
 27945 | Snake:2  | Found Zyxih's Book Shoppe.
 27947 | Snake:2  | Found Etri's Jewellery Shop.
 27953 | Snake:2  | 27953 ||| SHOPLISTING ring "Eloezuos" {rPois Will+} (651
                  | gold, have 418).
 27953 | Snake:2  | 27953 ||| SHOPLISTING ring of Hutegion {Fire rPois Will+
                  | Int+2} (828 gold, have 418).
 27953 | Snake:2  | 27953 ||| SHOPLISTING ring of protection from cold (450
                  | gold, have 418).
 27957 | Snake:2  | 27957 ||| SHOPLISTING +6 ring of strength (612 gold, have
                  | 418).
 27957 | Snake:2  | 27957 ||| SHOPLISTING ring "Kyqy" {rPois rN+++ Will- MP-9
                  | EV+5} (766 gold, have 418).
 27957 | Snake:2  | 27957 ||| SHOPLISTING ring of willpower (425 gold, have
                  | 418).
 28326 | Snake:3  | 28326 ||| Stepping ~*~*~tactically~*~*~ (hiding).
 28327 | Snake:3  | 28327 ||| Stepping ~*~*~tactically~*~*~ (hiding).
 28328 | Snake:3  | 28328 ||| Stepping ~*~*~tactically~*~*~ (hiding).
 28333 | Snake:3  | 28333 ||| Stepping ~*~*~tactically~*~*~ (hiding).
 28339 | Snake:3  | 28339 ||| Stepping ~*~*~tactically~*~*~ (hiding).
 28340 | Snake:3  | 28340 ||| Stepping ~*~*~tactically~*~*~ (hiding).
 28346 | Snake:3  | Reached XP level 18. HP: 114/114 MP: 25/25
 28446 | Snake:3  | 28446 ||| DROPPING +2 war axe of flaming.
 28503 | Snake:3  | 28503 ||| Stepping ~*~*~tactically~*~*~ (hiding).
 28505 | Snake:3  | 28505 ||| Stepping ~*~*~tactically~*~*~ (hiding).
 28531 | Snake:3  | 28531 ||| Stepping ~*~*~tactically~*~*~ (hiding).
 28674 | Snake:3  | 28674 ||| Stepping ~*~*~tactically~*~*~ (stealth).
 28676 | Snake:3  | 28676 ||| Stepping ~*~*~tactically~*~*~ (stealth).
 28677 | Snake:3  | 28677 ||| Stepping ~*~*~tactically~*~*~ (stealth).
 28680 | Snake:3  | 28680 ||| Stepping ~*~*~tactically~*~*~ (hiding).
 28689 | Snake:3  | 28689 ||| Stepping ~*~*~tactically~*~*~ (stealth).
 28719 | Snake:3  | 28719 ||| Stepping ~*~*~tactically~*~*~ (hiding).
 28727 | Snake:3  | 28727 ||| INVOKING Heroism.
 28756 | Snake:3  | 28756 ||| Stepping ~*~*~tactically~*~*~ (hiding).
 28758 | Snake:3  | 28758 ||| Stepping ~*~*~tactically~*~*~ (hiding).
 28850 | Snake:3  | Reached skill level 18 in Shields
 28906 | Snake:3  | Noticed Louise
 28906 | Snake:3  | Noticed Aizul
 28907 | Snake:3  | 28907 ||| Stepping ~*~*~tactically~*~*~ (hiding).
 28909 | Snake:3  | 28909 ||| INVOKING Heroism.
 28910 | Snake:3  | 28910 ||| INVOKING Finesse.
 28926 | Snake:3  | Killed Aizul
 28934 | Snake:3  | Killed Louise
 29318 | Snake:3  | 29318 ||| Stepping ~*~*~tactically~*~*~ (stealth).
 29320 | Snake:3  | 29320 ||| Stepping ~*~*~tactically~*~*~ (hiding).
 29323 | Snake:3  | 29323 ||| Stepping ~*~*~tactically~*~*~ (hiding).
 29324 | Snake:3  | 29324 ||| Stepping ~*~*~tactically~*~*~ (hiding).
 29476 | Snake:3  | 29476 ||| Stepping ~*~*~tactically~*~*~ (hiding).
 29477 | Snake:3  | 29477 ||| Stepping ~*~*~tactically~*~*~ (hiding).
 29480 | Snake:3  | 29480 ||| Stepping ~*~*~tactically~*~*~ (hiding).
 29644 | Snake:3  | Identified the +3 trident of Toban {vamp, rPois rN+}
 29691 | Snake:3  | 29691 ||| Stepping ~*~*~tactically~*~*~ (hiding).
 29692 | Snake:3  | 29692 ||| Stepping ~*~*~tactically~*~*~ (hiding).
 29705 | Snake:3  | Received a gift from Okawaru
 29734 | Snake:3  | 29734 ||| DROPPING +1 broad axe of draining.
 29778 | Snake:3  | 29778 ||| PLANNING SHOALS:4
 29947 | Shoals:4 | Entered Level 4 of the Shoals
 29948 | Shoals:4 | 29948 ||| INVOKING Heroism.
 29960 | Shoals:4 | 29960 ||| Stepping ~*~*~tactically~*~*~ (hiding).
 29961 | Shoals:4 | 29961 ||| Stepping ~*~*~tactically~*~*~ (hiding).
 30013 | Shoals:4 | 30013 ||| Stepping ~*~*~tactically~*~*~ (hiding).
 30014 | Shoals:4 | 30014 ||| Stepping ~*~*~tactically~*~*~ (hiding).
 30030 | Shoals:4 | 30030 ||| INVOKING Heroism.
 30054 | Shoals:4 | 30054 ||| Stepping ~*~*~tactically~*~*~ (stealth).
 30070 | Shoals:4 | 30070 ||| INVOKING Heroism.
 30084 | Shoals:4 | 30084 ||| INVOKING Finesse.
 30093 | Shoals:4 | HP: 4/116 [frost giant/bolt of cold (39)]
 30094 | Shoals:4 | 30094 ||| READING 4 scrolls of teleportation.
 30095 | Shoals:4 | 30095 ||| DRINKING 5 potions of heal wounds.
 30096 | Shoals:4 | 30096 ||| DRINKING 4 potions of heal wounds.
 30106 | Shoals:4 | 30106 ||| Stepping ~*~*~tactically~*~*~ (cloud).
 30148 | Shoals:4 | 30148 ||| INVOKING Heroism.
 30190 | Shoals:4 | 30190 ||| Stepping ~*~*~tactically~*~*~ (stealth).
 30192 | Shoals:4 | 30192 ||| Stepping ~*~*~tactically~*~*~ (stealth).
 30194 | Shoals:4 | 30194 ||| Stepping ~*~*~tactically~*~*~ (stealth).
 30198 | Shoals:4 | 30198 ||| Stepping ~*~*~tactically~*~*~ (stealth).
 30217 | Shoals:4 | 30217 ||| FLEEEEING.
 30222 | Shoals:4 | 30222 ||| INVOKING Heroism.
 30224 | Shoals:4 | 30224 ||| Stepping ~*~*~tactically~*~*~ (hiding).
 30234 | Shoals:4 | 30234 ||| Stepping ~*~*~tactically~*~*~ (hiding).
 30247 | Shoals:4 | 30247 ||| INVOKING Heroism.
 30310 | Shoals:4 | 30310 ||| INVOKING Heroism.
 30503 | Shoals:4 | Noticed Polyphemus
 30504 | Shoals:4 | 30504 ||| INVOKING Heroism.
 30524 | Shoals:4 | Killed Polyphemus
 30549 | Shoals:4 | 30549 ||| Stepping ~*~*~tactically~*~*~ (hiding).
 30556 | Shoals:4 | 30556 ||| INVOKING Heroism.
 30569 | Shoals:4 | 30569 ||| Stepping ~*~*~tactically~*~*~ (hiding).
 30582 | Shoals:4 | 30582 ||| Stepping ~*~*~tactically~*~*~ (hiding).
 30716 | Shoals:4 | Reached skill level 15 in Fighting
 30716 | Shoals:4 | 30716 ||| INVOKING Heroism.
 30726 | Shoals:4 | 30726 ||| Stepping ~*~*~tactically~*~*~ (hiding).
 30835 | Shoals:4 | 30835 ||| Stepping ~*~*~tactically~*~*~ (hiding).
 30837 | Shoals:4 | 30837 ||| INVOKING Heroism.
 30856 | Shoals:4 | 30856 ||| Stepping ~*~*~tactically~*~*~ (stealth).
 30857 | Shoals:4 | 30857 ||| Stepping ~*~*~tactically~*~*~ (hiding).
 31059 | Shoals:4 | 31059 ||| Stepping ~*~*~tactically~*~*~ (hiding).
 31092 | Shoals:4 | 31092 ||| READING scroll of enchant weapon.
 31092 | Shoals:4 | 31092 ||| ENCHANTING +8 broad axe of electrocution.
 31263 | Shoals:4 | Got a barnacled rune of Zot
 31264 | Shoals:4 | 31264 ||| PLANNING VAULTS:1-4
 31264 | Shoals:4 | 31264 ||| DROPPING amulet of magic regeneration.
 31468 | Vaults:1 | Entered Level 1 of the Vaults
 31469 | Vaults:1 | 31469 ||| Stepping ~*~*~tactically~*~*~ (hiding).
 31470 | Vaults:1 | 31470 ||| Stepping ~*~*~tactically~*~*~ (hiding).
 31471 | Vaults:1 | 31471 ||| Stepping ~*~*~tactically~*~*~ (hiding).
 31479 | Vaults:1 | 31479 ||| INVOKING Heroism.
 31484 | Vaults:1 | Received a gift from Okawaru
 31502 | Vaults:1 | Reached skill level 15 in Armour
 31514 | Vaults:1 | Received a gift from Okawaru
 31765 | Vaults:1 | Reached XP level 19. HP: 124/124 MP: 26/26
 31780 | Vaults:1 | 31780 ||| INVOKING Heroism.
 31781 | Vaults:1 | Received a gift from Okawaru
 31791 | Vaults:1 | Received a gift from Okawaru
 31793 | Vaults:1 | 31793 ||| Stepping ~*~*~tactically~*~*~ (hiding).
 31878 | Vaults:1 | 31878 ||| INVOKING Heroism.
 31879 | Vaults:1 | 31879 ||| INVOKING Finesse.
 31887 | Vaults:1 | Received a gift from Okawaru
 31976 | Vaults:1 | Reached skill level 9 in Throwing
 31979 | Vaults:1 | Received a gift from Okawaru
 31986 | Vaults:1 | 31986 ||| INVOKING Heroism.
 32264 | Vaults:1 | 32264 ||| Stepping ~*~*~tactically~*~*~ (stealth).
 32266 | Vaults:1 | 32266 ||| Stepping ~*~*~tactically~*~*~ (stealth).
 32267 | Vaults:1 | 32267 ||| Stepping ~*~*~tactically~*~*~ (stealth).
 32272 | Vaults:1 | 32272 ||| INVOKING Heroism.
 32273 | Vaults:1 | 32273 ||| INVOKING Finesse.
 32912 | Vaults:1 | 32912 ||| Stepping ~*~*~tactically~*~*~ (hiding).
 32913 | Vaults:1 | 32913 ||| Stepping ~*~*~tactically~*~*~ (hiding).
 33028 | Vaults:1 | 33028 ||| FLEEEEING.
 33246 | Vaults:1 | 33246 ||| DROPPING scarf of shadows.
 33296 | Vaults:2 | 33296 ||| INVOKING Heroism.
 33360 | Vaults:2 | 33360 ||| Stepping ~*~*~tactically~*~*~ (hiding).
 33361 | Vaults:2 | 33361 ||| INVOKING Heroism.
 33439 | Vaults:2 | 33439 ||| Stepping ~*~*~tactically~*~*~ (hiding).
 33441 | Vaults:2 | 33441 ||| Stepping ~*~*~tactically~*~*~ (hiding).
 33480 | Vaults:2 | 33480 ||| FLEEEEING.
 33492 | Vaults:2 | 33492 ||| FLEEEEING.
 33493 | Vaults:2 | 33493 ||| FLEEEEING.
 33494 | Vaults:2 | 33494 ||| FLEEEEING.
 33495 | Vaults:2 | 33495 ||| FLEEEEING.
 33496 | Vaults:2 | 33496 ||| FLEEEEING.
 33497 | Vaults:2 | 33497 ||| FLEEEEING.
 33498 | Vaults:2 | 33498 ||| FLEEEEING.
 33499 | Vaults:2 | 33499 ||| FLEEEEING.
 33500 | Vaults:2 | 33500 ||| FLEEEEING.
 33501 | Vaults:2 | 33501 ||| FLEEEEING.
 33502 | Vaults:2 | 33502 ||| FLEEEEING.
 33503 | Vaults:2 | 33503 ||| FLEEEEING.
 33504 | Vaults:2 | 33504 ||| FLEEEEING.
 33505 | Vaults:2 | 33505 ||| FLEEEEING.
 33506 | Vaults:2 | 33506 ||| FLEEEEING.
 33507 | Vaults:2 | 33507 ||| FLEEEEING.
 33508 | Vaults:2 | 33508 ||| FLEEEEING.
 33509 | Vaults:2 | 33509 ||| FLEEEEING.
 33510 | Vaults:2 | 33510 ||| FLEEEEING.
 33511 | Vaults:2 | 33511 ||| FLEEEEING.
 33512 | Vaults:2 | 33512 ||| FLEEEEING.
 33513 | Vaults:2 | 33513 ||| FLEEEEING.
 33514 | Vaults:2 | 33514 ||| FLEEEEING.
 33516 | Vaults:2 | 33516 ||| FLEEEEING.
 33517 | Vaults:2 | 33517 ||| STAIRDANCE
 33629 | Vaults:2 | 33629 ||| STAIRDANCE
 33632 | Vaults:1 | Paralysed by a great orb of eyes for 5 turns
 33752 | Vaults:2 | 33752 ||| STAIRDANCE
 33899 | Vaults:2 | Received a gift from Okawaru
 33941 | Vaults:2 | 33941 ||| READING scroll of brand weapon.
 33941 | Vaults:2 | 33941 ||| BRANDING +9 broad axe of electrocution.
 33943 | Vaults:2 | 33943 ||| Stepping ~*~*~tactically~*~*~ (stealth).
 34199 | Vaults:2 | Identified the +1 cloak of Hiotalecko {Stlth+} (Okawaru
                  | gifted it to you on level 2 of the Vaults)
 34199 | Vaults:2 | Received a gift from Okawaru
 34205 | Vaults:2 | 34205 ||| Stepping ~*~*~tactically~*~*~ (hiding).
 34284 | Vaults:2 | Noticed a tentacled monstrosity
 34286 | Vaults:2 | 34286 ||| INVOKING Heroism.
 34287 | Vaults:2 | 34287 ||| INVOKING Finesse.
 34289 | Vaults:2 | Killed a tentacled monstrosity
 34352 | Vaults:2 | 34352 ||| INVOKING Heroism.
 34481 | Vaults:2 | 34481 ||| DROPPING +1 cloak of Hiotalecko {Stlth+}.
 34495 | Vaults:2 | 34495 ||| Stepping ~*~*~tactically~*~*~ (hiding).
 34503 | Vaults:2 | 34503 ||| Stepping ~*~*~tactically~*~*~ (stealth).
 34535 | Vaults:2 | 34535 ||| Stepping ~*~*~tactically~*~*~ (hiding).
 34537 | Vaults:2 | 34537 ||| Stepping ~*~*~tactically~*~*~ (hiding).
 34538 | Vaults:2 | 34538 ||| Stepping ~*~*~tactically~*~*~ (hiding).
 34758 | Vaults:2 | 34758 ||| Stepping ~*~*~tactically~*~*~ (stealth).
 34946 | Vaults:2 | Found a staircase to the Crypt.
 34946 | Vaults:2 | Found an ancient bone altar of Kikubaaqudgha.
 34946 | Vaults:2 | Found a basalt altar of Yredelemnul.
 35335 | Vaults:2 | Reached XP level 20. HP: 133/133 MP: 27/27
 35438 | Vaults:3 | 35438 ||| FLEEEEING.
 35439 | Vaults:3 | 35439 ||| FLEEEEING.
 35440 | Vaults:3 | 35440 ||| FLEEEEING.
 35441 | Vaults:3 | 35441 ||| FLEEEEING.
 35442 | Vaults:3 | 35442 ||| FLEEEEING.
 35443 | Vaults:3 | 35443 ||| FLEEEEING.
 35444 | Vaults:3 | 35444 ||| FLEEEEING.
 35445 | Vaults:3 | 35445 ||| FLEEEEING.
 35446 | Vaults:3 | 35446 ||| FLEEEEING.
 35447 | Vaults:3 | 35447 ||| FLEEEEING.
 35448 | Vaults:3 | 35448 ||| FLEEEEING.
 35454 | Vaults:3 | 35454 ||| FLEEEEING.
 35770 | Vaults:3 | 35770 ||| FLEEEEING.
 35771 | Vaults:3 | 35771 ||| FLEEEEING.
 35772 | Vaults:3 | 35772 ||| FLEEEEING.
 35773 | Vaults:3 | 35773 ||| FLEEEEING.
 35774 | Vaults:3 | 35774 ||| FLEEEEING.
 35775 | Vaults:3 | 35775 ||| FLEEEEING.
 35776 | Vaults:3 | 35776 ||| FLEEEEING.
 35777 | Vaults:3 | 35777 ||| FLEEEEING.
 35778 | Vaults:3 | 35778 ||| FLEEEEING.
 35779 | Vaults:3 | 35779 ||| FLEEEEING.
 35780 | Vaults:3 | 35780 ||| FLEEEEING.
 35781 | Vaults:3 | 35781 ||| FLEEEEING.
 35782 | Vaults:3 | 35782 ||| FLEEEEING.
 35787 | Vaults:3 | 35787 ||| FLEEEEING.
 35788 | Vaults:3 | 35788 ||| FLEEEEING.
 35789 | Vaults:3 | 35789 ||| FLEEEEING.
 35790 | Vaults:3 | 35790 ||| FLEEEEING.
 35791 | Vaults:3 | 35791 ||| FLEEEEING.
 35792 | Vaults:3 | 35792 ||| FLEEEEING.
 35793 | Vaults:3 | 35793 ||| FLEEEEING.
 35794 | Vaults:3 | 35794 ||| FLEEEEING.
 35795 | Vaults:3 | 35795 ||| FLEEEEING.
 35801 | Vaults:3 | 35801 ||| STAIRDANCE
 35912 | Vaults:3 | 35912 ||| Stepping ~*~*~tactically~*~*~ (hiding).
 35915 | Vaults:3 | 35915 ||| Stepping ~*~*~tactically~*~*~ (hiding).
 35916 | Vaults:3 | 35916 ||| Stepping ~*~*~tactically~*~*~ (hiding).
 35923 | Vaults:3 | 35923 ||| Stepping ~*~*~tactically~*~*~ (hiding).
 36300 | Vaults:3 | 36300 ||| Stepping ~*~*~tactically~*~*~ (hiding).
 36305 | Vaults:3 | Received a gift from Okawaru
 36489 | Vaults:3 | 36489 ||| Stepping ~*~*~tactically~*~*~ (stealth).
 36495 | Vaults:3 | Received a gift from Okawaru
 36746 | Vaults:3 | 36746 ||| Stepping ~*~*~tactically~*~*~ (stealth).
 36747 | Vaults:3 | 36747 ||| Stepping ~*~*~tactically~*~*~ (stealth).
 36749 | Vaults:3 | 36749 ||| Stepping ~*~*~tactically~*~*~ (stealth).
 36786 | Vaults:3 | 36786 ||| Stepping ~*~*~tactically~*~*~ (stealth).
 36790 | Vaults:3 | 36790 ||| Stepping ~*~*~tactically~*~*~ (stealth).
 36839 | Vaults:3 | Identified the +0 mace "Tueger" {freeze, rC+ rN+ Dex+3}
 37179 | Vaults:3 | 37179 ||| FLEEEEING.
 37180 | Vaults:3 | 37180 ||| FLEEEEING.
 37181 | Vaults:3 | 37181 ||| FLEEEEING.
 37182 | Vaults:3 | 37182 ||| FLEEEEING.
 37183 | Vaults:3 | 37183 ||| FLEEEEING.
 37184 | Vaults:3 | 37184 ||| FLEEEEING.
 37185 | Vaults:3 | 37185 ||| FLEEEEING.
 37186 | Vaults:3 | 37186 ||| FLEEEEING.
 37187 | Vaults:3 | 37187 ||| FLEEEEING.
 37188 | Vaults:3 | 37188 ||| FLEEEEING.
 37189 | Vaults:3 | 37189 ||| FLEEEEING.
 37190 | Vaults:3 | 37190 ||| FLEEEEING.
 37196 | Vaults:3 | 37196 ||| FLEEEEING.
 37197 | Vaults:3 | 37197 ||| FLEEEEING.
 37198 | Vaults:3 | 37198 ||| FLEEEEING.
 37199 | Vaults:3 | 37199 ||| FLEEEEING.
 37200 | Vaults:3 | 37200 ||| FLEEEEING.
 37201 | Vaults:3 | 37201 ||| FLEEEEING.
 37202 | Vaults:3 | 37202 ||| FLEEEEING.
 37203 | Vaults:3 | 37203 ||| FLEEEEING.
 37204 | Vaults:3 | 37204 ||| FLEEEEING.
 37205 | Vaults:3 | 37205 ||| FLEEEEING.
 37207 | Vaults:3 | 37207 ||| FLEEEEING.
 37208 | Vaults:3 | 37208 ||| FLEEEEING.
 37209 | Vaults:3 | 37209 ||| FLEEEEING.
 37212 | Vaults:3 | 37212 ||| STAIRDANCE
 37329 | Vaults:3 | Received a gift from Okawaru
 37597 | Vaults:4 | 37597 ||| PLANNING BAZAAR
 37603 | Vaults:4 | Found a flickering gateway to a bazaar.
 37612 | Bazaar   | Entered a bazaar
 37612 | Bazaar   | Found Ychaergh's Assorted Antiques.
 37612 | Bazaar   | Found Lock's Antique Armour Emporium.
 37614 | Bazaar   | Found Xyjattar's Assorted Antiques.
 37624 | Bazaar   | Found Vekicuuz's Assorted Antiques.
 37650 | Bazaar   | 37650 ||| BUYING scroll labelled JIOTUTOFIQ (26 gold).
 37650 | Bazaar   | Bought a scroll labelled JIOTUTOFIQ for 26 gold pieces
 37650 | Bazaar   | 37650 ||| BUYING scroll of enchant weapon (195 gold).
 37650 | Bazaar   | Bought a scroll of enchant weapon for 195 gold pieces
 37650 | Bazaar   | 37650 ||| READING scroll labelled JIOTUTOFIQ.
 37661 | Vaults:4 | 37661 ||| PLANNING VAULTS:1-4
 37750 | Vaults:4 | 37750 ||| Stepping ~*~*~tactically~*~*~ (hiding).
 37798 | Vaults:4 | Received a gift from Okawaru
 37826 | Vaults:4 | 37826 ||| Stepping ~*~*~tactically~*~*~ (stealth).
 38051 | Vaults:4 | 38051 ||| Stepping ~*~*~tactically~*~*~ (stealth).
 38057 | Vaults:4 | 38057 ||| INVOKING Heroism.
 38335 | Vaults:4 | Received a gift from Okawaru
 38341 | Vaults:4 | 38341 ||| Stepping ~*~*~tactically~*~*~ (hiding).
 38342 | Vaults:4 | 38342 ||| Stepping ~*~*~tactically~*~*~ (hiding).
 38356 | Abyss:2  | Cast into level 2 of the Abyss (a wizard)
 38389 | Abyss:2  | 38389 ||| Stepping ~*~*~tactically~*~*~ (stealth).
 38390 | Abyss:2  | 38390 ||| Stepping ~*~*~tactically~*~*~ (stealth).
 38397 | Abyss:2  | 38397 ||| Stepping ~*~*~tactically~*~*~ (hiding).
 38400 | Abyss:2  | 38400 ||| Stepping ~*~*~tactically~*~*~ (stealth).
 38411 | Abyss:2  | 38411 ||| Stepping ~*~*~tactically~*~*~ (stealth).
 38454 | Abyss:2  | Reached skill level 18 in Fighting
 38535 | Abyss:2  | 38535 ||| Stepping ~*~*~tactically~*~*~ (hiding).
 38539 | Abyss:2  | Received a gift from Okawaru
 38551 | Abyss:2  | 38551 ||| Stepping ~*~*~tactically~*~*~ (stealth).
 38584 | Abyss:2  | 38584 ||| Stepping ~*~*~tactically~*~*~ (stealth).
 38588 | Abyss:2  | 38588 ||| Stepping ~*~*~tactically~*~*~ (stealth).
 38589 | Abyss:2  | 38589 ||| Stepping ~*~*~tactically~*~*~ (stealth).
 38594 | Abyss:2  | 38594 ||| INVOKING Heroism.
 38596 | Abyss:2  | 38596 ||| INVOKING Finesse.
 38663 | Abyss:2  | 38663 ||| Stepping ~*~*~tactically~*~*~ (stealth).
 38679 | Abyss:2  | 38679 ||| Stepping ~*~*~tactically~*~*~ (stealth).
 38723 | Abyss:2  | 38723 ||| Stepping ~*~*~tactically~*~*~ (hiding).
 38725 | Abyss:2  | Noticed a dread lich
 38726 | Abyss:2  | 38726 ||| INVOKING Heroism.
 38727 | Abyss:2  | 38727 ||| INVOKING Finesse.
 38748 | Abyss:2  | Killed a dread lich
 38767 | Vaults:4 | Escaped the Abyss
 38769 | Vaults:4 | Received a gift from Okawaru
 38786 | Vaults:4 | 38786 ||| Stepping ~*~*~tactically~*~*~ (stealth).
 38908 | Vaults:4 | 38908 ||| Stepping ~*~*~tactically~*~*~ (stealth).
 38911 | Vaults:4 | 38911 ||| Stepping ~*~*~tactically~*~*~ (stealth).
 38914 | Vaults:4 | 38914 ||| Stepping ~*~*~tactically~*~*~ (stealth).
 38945 | Vaults:4 | 38945 ||| Stepping ~*~*~tactically~*~*~ (stealth).
 38973 | Vaults:4 | 38973 ||| Stepping ~*~*~tactically~*~*~ (hiding).
 38974 | Vaults:4 | 38974 ||| Stepping ~*~*~tactically~*~*~ (hiding).
 39147 | Vaults:4 | 39147 ||| INVOKING Heroism.
 39149 | Vaults:4 | 39149 ||| Stepping ~*~*~tactically~*~*~ (hiding).
 39271 | Vaults:4 | 39271 ||| Stepping ~*~*~tactically~*~*~ (stealth).
 39465 | Vaults:4 | 39465 ||| DROPPING +2 pair of boots of flying.
 39515 | Vaults:4 | Reached skill level 18 in Armour
 39521 | Vaults:4 | Reached XP level 21. HP: 117/141 MP: 28/28
 39527 | Vaults:4 | Paralysed by a sphinx for 2 turns
 39697 | Vaults:4 | 39697 ||| PLANNING SNAKE:4
 40014 | Snake:4  | Entered Level 4 of the Snake Pit
 40078 | Snake:4  | 40078 ||| Stepping ~*~*~tactically~*~*~ (hiding).
 40190 | Snake:4  | 40190 ||| Stepping ~*~*~tactically~*~*~ (hiding).
 40572 | Snake:4  | 40572 ||| Stepping ~*~*~tactically~*~*~ (hiding).
 40574 | Snake:4  | 40574 ||| Stepping ~*~*~tactically~*~*~ (hiding).
 40575 | Snake:4  | 40575 ||| Stepping ~*~*~tactically~*~*~ (hiding).
 40576 | Snake:4  | 40576 ||| Stepping ~*~*~tactically~*~*~ (hiding).
 40586 | Snake:4  | 40586 ||| Stepping ~*~*~tactically~*~*~ (hiding).
 40644 | Snake:4  | 40644 ||| Stepping ~*~*~tactically~*~*~ (hiding).
 40657 | Snake:4  | 40657 ||| Stepping ~*~*~tactically~*~*~ (hiding).
 40673 | Snake:4  | 40673 ||| Stepping ~*~*~tactically~*~*~ (hiding).
 40802 | Snake:4  | 40802 ||| Stepping ~*~*~tactically~*~*~ (hiding).
 40810 | Snake:4  | Noticed Vashnia
 40832 | Snake:4  | Killed Vashnia
 40973 | Snake:4  | 40973 ||| Stepping ~*~*~tactically~*~*~ (hiding).
 40976 | Snake:4  | 40976 ||| Stepping ~*~*~tactically~*~*~ (hiding).
 40983 | Snake:4  | 40983 ||| Stepping ~*~*~tactically~*~*~ (hiding).
 41368 | Snake:4  | 41368 ||| INVOKING Heroism.
 41374 | Snake:4  | HP: 31/143 [salamander/+0 trident (8)]
 41375 | Snake:4  | 41375 ||| READING 5 scrolls of teleportation.
 41376 | Snake:4  | 41376 ||| DRINKING 4 potions of heal wounds.
 41377 | Snake:4  | Received a gift from Okawaru
 41624 | Snake:4  | Found Lasageh's Book Emporium.
 41641 | Snake:4  | 41641 ||| Stepping ~*~*~tactically~*~*~ (stealth).
 41834 | Snake:4  | 41834 ||| Stepping ~*~*~tactically~*~*~ (hiding).
 41845 | Snake:4  | 41845 ||| Stepping ~*~*~tactically~*~*~ (hiding).
 41905 | Snake:4  | 41905 ||| Stepping ~*~*~tactically~*~*~ (hiding).
 41907 | Snake:4  | 41907 ||| Stepping ~*~*~tactically~*~*~ (hiding).
 41954 | Snake:4  | 41954 ||| Stepping ~*~*~tactically~*~*~ (stealth).
 41959 | Snake:4  | 41959 ||| Stepping ~*~*~tactically~*~*~ (stealth).
 42078 | Snake:4  | 42078 ||| INVOKING Heroism.
 42149 | Snake:4  | 42149 ||| FLEEEEING.
 42253 | Snake:4  | 42253 ||| Stepping ~*~*~tactically~*~*~ (hiding).
 42259 | Snake:4  | Received a gift from Okawaru
 42409 | Snake:4  | 42409 ||| Stepping ~*~*~tactically~*~*~ (hiding).
 42410 | Snake:4  | 42410 ||| Stepping ~*~*~tactically~*~*~ (hiding).
 42553 | Snake:4  | 42553 ||| Stepping ~*~*~tactically~*~*~ (hiding).
 42604 | Snake:4  | 42604 ||| Stepping ~*~*~tactically~*~*~ (hiding).
 42605 | Snake:4  | 42605 ||| Stepping ~*~*~tactically~*~*~ (stealth).
 42616 | Snake:4  | Received a gift from Okawaru
 42683 | Snake:4  | Received a gift from Okawaru
 42686 | Snake:4  | 42686 ||| INVOKING Heroism.
 42848 | Snake:4  | Got a serpentine rune of Zot
 42950 | Snake:4  | 42950 ||| PLANNING DEPTHS
 42950 | Snake:4  | 42950 ||| DROPPING +2 helmet.
 43189 | Depths:1 | Entered Level 1 of the Depths
 43247 | Depths:1 | 43247 ||| INVOKING Heroism.
 43248 | Depths:1 | 43248 ||| INVOKING Finesse.
 43252 | Depths:1 | 43252 ||| Stepping ~*~*~tactically~*~*~ (hiding).
 43271 | Depths:1 | 43271 ||| Stepping ~*~*~tactically~*~*~ (hiding).
 43279 | Depths:1 | 43279 ||| Stepping ~*~*~tactically~*~*~ (hiding).
 43280 | Depths:1 | 43280 ||| Stepping ~*~*~tactically~*~*~ (hiding).
 43285 | Depths:1 | 43285 ||| Stepping ~*~*~tactically~*~*~ (hiding).
 43288 | Depths:1 | Noticed Bai Suzhen
 43301 | Depths:1 | Killed Bai Suzhen
 43306 | Depths:1 | 43306 ||| Stepping ~*~*~tactically~*~*~ (cloud).
 43492 | Depths:1 | 43492 ||| Stepping ~*~*~tactically~*~*~ (stealth).
 43516 | Depths:1 | 43516 ||| Stepping ~*~*~tactically~*~*~ (hiding).
 43561 | Depths:1 | Found a one-way gate leading to the halls of Pandemonium.
 43603 | Depths:1 | 43603 ||| INVOKING Heroism.
 43764 | Depths:1 | Found Big Baal Hell's Store.
 43769 | Depths:1 | Found a gateway to Hell.
 43772 | Depths:1 | 43772 ||| SHOPLISTING 10 scrolls of teleportation (1980
                  | gold, have 1371).
 43772 | Depths:1 | 43772 ||| SHOPLISTING amulet "Zeoddut" {Reflect Str+3 Int+3
                  | SH+5 Stlth+} (3458 gold, have 1371).
 43772 | Depths:1 | 43772 ||| SHOPLISTING ring of Cesuateopt {Fire rPois rN+}
                  | (2666 gold, have 1371).
 43810 | Depths:1 | Received a gift from Okawaru
 43811 | Depths:1 | 43811 ||| Stepping ~*~*~tactically~*~*~ (stealth).
 43880 | Depths:1 | 43880 ||| INVOKING Heroism.
 43881 | Depths:1 | 43881 ||| INVOKING Finesse.
 44026 | Depths:1 | Received a gift from Okawaru
 44103 | Depths:1 | 44103 ||| DROPPING +1 plate armour of positive energy.
 44104 | Depths:1 | 44104 ||| DROPPING 24 boomerangs.
 44105 | Depths:1 | 44105 ||| DROPPING 3 boomerangs of dispersal.
 44253 | Depths:2 | 44253 ||| INVOKING Heroism.
 44254 | Depths:2 | 44254 ||| INVOKING Finesse.
 44262 | Depths:2 | 44262 ||| Stepping ~*~*~tactically~*~*~ (hiding).
 44266 | Depths:2 | 44266 ||| Stepping ~*~*~tactically~*~*~ (hiding).
 44278 | Depths:2 | 44278 ||| Stepping ~*~*~tactically~*~*~ (stealth).
 44293 | Depths:2 | 44293 ||| Stepping ~*~*~tactically~*~*~ (stealth).
 44298 | Depths:2 | 44298 ||| Stepping ~*~*~tactically~*~*~ (stealth).
 44328 | Depths:2 | Reached XP level 22. HP: 143/150 MP: 29/29
 44348 | Depths:2 | 44348 ||| Stepping ~*~*~tactically~*~*~ (hiding).
 44361 | Depths:2 | 44361 ||| Stepping ~*~*~tactically~*~*~ (hiding).
 44591 | Depths:2 | Noticed a golden dragon
 44592 | Depths:2 | 44592 ||| INVOKING Heroism.
 44593 | Depths:2 | 44593 ||| INVOKING Finesse.
 44598 | Depths:2 | Killed a golden dragon
 44723 | Depths:2 | Found the +2 hood of the Assassin {Detect Stab+ Stlth++}
 44724 | Depths:2 | 44724 ||| INVOKING Heroism.
 44748 | Depths:2 | 44748 ||| INVOKING Heroism.
 44766 | Depths:2 | 44766 ||| INVOKING Heroism.
 44787 | Depths:2 | Paralysed by a floating eye for 3 turns
 44792 | Depths:2 | 44792 ||| INVOKING Heroism.
 44793 | Depths:2 | Paralysed by a floating eye for 2 turns
 44860 | Depths:2 | 44860 ||| FLEEEEING.
 44947 | Depths:2 | 44947 ||| Stepping ~*~*~tactically~*~*~ (stealth).
 45011 | Depths:2 | 45011 ||| INVOKING Heroism.
 45029 | Depths:2 | 45029 ||| Stepping ~*~*~tactically~*~*~ (hiding).
 45032 | Depths:2 | 45032 ||| Stepping ~*~*~tactically~*~*~ (hiding).
 45033 | Depths:2 | 45033 ||| Stepping ~*~*~tactically~*~*~ (hiding).
 45034 | Depths:2 | 45034 ||| Stepping ~*~*~tactically~*~*~ (hiding).
 45069 | Depths:2 | 45069 ||| Stepping ~*~*~tactically~*~*~ (hiding).
 45074 | Depths:2 | 45074 ||| INVOKING Heroism.
 45244 | Depths:2 | 45244 ||| Stepping ~*~*~tactically~*~*~ (stealth).
 45245 | Depths:2 | 45245 ||| Stepping ~*~*~tactically~*~*~ (stealth).
 45246 | Depths:2 | 45246 ||| Stepping ~*~*~tactically~*~*~ (stealth).
 45252 | Depths:2 | 45252 ||| INVOKING Heroism.
 45261 | Depths:2 | 45261 ||| Stepping ~*~*~tactically~*~*~ (stealth).
 45269 | Depths:2 | 45269 ||| Stepping ~*~*~tactically~*~*~ (stealth).
 45271 | Depths:2 | 45271 ||| Stepping ~*~*~tactically~*~*~ (hiding).
 45597 | Depths:2 | 45597 ||| Stepping ~*~*~tactically~*~*~ (stealth).
 45598 | Depths:2 | 45598 ||| Stepping ~*~*~tactically~*~*~ (stealth).
 45600 | Depths:2 | 45600 ||| INVOKING Heroism.
 45735 | Depths:3 | 45735 ||| INVOKING Heroism.
 45836 | Depths:3 | 45836 ||| INVOKING Heroism.
 46024 | Depths:3 | Found a one-way gateway to a ziggurat.
 46050 | Depths:3 | 46050 ||| Stepping ~*~*~tactically~*~*~ (hiding).
 46051 | Depths:3 | 46051 ||| Stepping ~*~*~tactically~*~*~ (hiding).
 46052 | Depths:3 | 46052 ||| INVOKING Heroism.
 46067 | Depths:3 | Reached skill level 6 in Dodging
 46069 | Depths:3 | 46069 ||| Stepping ~*~*~tactically~*~*~ (hiding).
 46115 | Depths:3 | 46115 ||| INVOKING Heroism.
 46212 | Depths:3 | Reached skill level 21 in Shields
 46225 | Depths:3 | Found a blossoming altar of Fedhas.
 46468 | Depths:3 | 46468 ||| Stepping ~*~*~tactically~*~*~ (hiding).
 46469 | Depths:3 | 46469 ||| Stepping ~*~*~tactically~*~*~ (hiding).
 46470 | Depths:3 | 46470 ||| Stepping ~*~*~tactically~*~*~ (hiding).
 46477 | Depths:3 | 46477 ||| INVOKING Heroism.
 46574 | Depths:3 | Found a one-way gate to the infinite horrors of the Abyss.
 46607 | Depths:3 | 46607 ||| READING scroll of brand weapon.
 46607 | Depths:3 | 46607 ||| BRANDING +9 heavy broad axe.
 46852 | Depths:3 | Noticed Sojobo
 46853 | Depths:3 | 46853 ||| Stepping ~*~*~tactically~*~*~ (hiding).
 46854 | Depths:3 | 46854 ||| INVOKING Heroism.
 46861 | Depths:3 | Paralysed by an air elemental for 1 turns
 46880 | Depths:3 | 46880 ||| READING 5 scrolls of teleportation.
 47076 | Depths:3 | 47076 ||| INVOKING Heroism.
 47110 | Depths:3 | 47110 ||| INVOKING Heroism.
 47110 | Depths:3 | Paralysed by an air elemental for 1 turns
 47118 | Depths:3 | Killed Sojobo
 47138 | Depths:3 | 47138 ||| Stepping ~*~*~tactically~*~*~ (hiding).
 47139 | Depths:3 | 47139 ||| Stepping ~*~*~tactically~*~*~ (hiding).
 47140 | Depths:3 | 47140 ||| Stepping ~*~*~tactically~*~*~ (hiding).
 47178 | Depths:3 | 47178 ||| INVOKING Heroism.
 47183 | Depths:3 | Noticed a juggernaut
 47196 | Depths:3 | Killed a juggernaut
 47229 | Depths:3 | 47229 ||| INVOKING Heroism.
 47275 | Depths:3 | Noticed a caustic shrike
 47275 | Depths:3 | 47275 ||| INVOKING Heroism.
 47282 | Depths:3 | Reached skill level 21 in Fighting
 47290 | Depths:3 | Received a gift from Okawaru
 47292 | Depths:3 | Killed a caustic shrike
 47415 | Depths:3 | 47415 ||| INVOKING Heroism.
 47423 | Depths:3 | Received a gift from Okawaru
 47443 | Depths:3 | Noticed a juggernaut
 47449 | Depths:3 | 47449 ||| Stepping ~*~*~tactically~*~*~ (cloud).
 47455 | Depths:3 | HP: 30/155 [tengu reaver/bolt of lightning (12)]
 47456 | Depths:3 | 47456 ||| READING 4 scrolls of teleportation.
 47457 | Depths:3 | 47457 ||| DRINKING 6 potions of heal wounds.
 47782 | Depths:3 | 47782 ||| INVOKING Heroism.
 47795 | Depths:3 | Killed a juggernaut
 47796 | Depths:3 | Reached XP level 23. HP: 160/160 MP: 30/30
 47846 | Depths:3 | 47846 ||| Stepping ~*~*~tactically~*~*~ (hiding).
 47849 | Depths:3 | 47849 ||| INVOKING Heroism.
 47861 | Depths:3 | Reached skill level 12 in Throwing
 47871 | Depths:3 | Identified the +2 falchion "Umistrej" {freeze, rF+ rN+}
 47872 | Depths:3 | Identified the +0 plate armour "Kysag" {Rampage rN+ Dex-3}
 47883 | Depths:3 | 47883 ||| DROPPING +0 plate armour "Kysag" {Rampage rN+
                  | Dex-3}.
 47888 | Depths:3 | 47888 ||| Stepping ~*~*~tactically~*~*~ (cloud).
 47889 | Depths:3 | 47889 ||| Stepping ~*~*~tactically~*~*~ (cloud).
 47948 | Depths:4 | Entered Level 4 of the Depths
 47959 | Depths:4 | 47959 ||| Stepping ~*~*~tactically~*~*~ (hiding).
 47971 | Depths:4 | 47971 ||| INVOKING Heroism.
 48025 | Depths:4 | Noticed a golden dragon
 48026 | Depths:4 | 48026 ||| FLEEEEING.
 48028 | Depths:4 | 48028 ||| FLEEEEING.
 48029 | Depths:4 | 48029 ||| FLEEEEING.
 48030 | Depths:4 | 48030 ||| FLEEEEING.
 48031 | Depths:4 | 48031 ||| FLEEEEING.
 48032 | Depths:4 | 48032 ||| FLEEEEING.
 48033 | Depths:4 | 48033 ||| STAIRDANCE
 48105 | Depths:4 | 48105 ||| INVOKING Heroism.
 48114 | Depths:4 | Killed a golden dragon
 48114 | Depths:4 | Received a gift from Okawaru
 48174 | Depths:4 | 48174 ||| FLEEEEING.
 48175 | Depths:4 | 48175 ||| FLEEEEING.
 48176 | Depths:4 | 48176 ||| STAIRDANCE
 48298 | Depths:4 | Noticed a golden dragon
 48299 | Depths:4 | 48299 ||| INVOKING Heroism.
 48314 | Depths:4 | Killed a golden dragon
 48360 | Depths:4 | 48360 ||| Stepping ~*~*~tactically~*~*~ (stealth).
 48361 | Depths:4 | 48361 ||| INVOKING Heroism.
 48464 | Depths:4 | 48464 ||| Stepping ~*~*~tactically~*~*~ (stealth).
 48507 | Depths:4 | 48507 ||| Stepping ~*~*~tactically~*~*~ (hiding).
 48511 | Depths:4 | Found a gate to the Realm of Zot.
 48514 | Depths:4 | 48514 ||| INVOKING Heroism.
 48523 | Depths:4 | Noticed a golden dragon
 48547 | Depths:4 | Killed a golden dragon
 48548 | Depths:4 | 48548 ||| Stepping ~*~*~tactically~*~*~ (cloud).
 48558 | Depths:4 | 48558 ||| INVOKING Heroism.
 48579 | Depths:4 | 48579 ||| FLEEEEING.
 48580 | Depths:4 | 48580 ||| FLEEEEING.
 48581 | Depths:4 | 48581 ||| FLEEEEING.
 48582 | Depths:4 | 48582 ||| FLEEEEING.
 48585 | Depths:4 | 48585 ||| FLEEEEING.
 48586 | Depths:4 | 48586 ||| FLEEEEING.
 48587 | Depths:4 | 48587 ||| FLEEEEING.
 48588 | Depths:4 | 48588 ||| FLEEEEING.
 48589 | Depths:4 | 48589 ||| STAIRDANCE
 48824 | Depths:3 | 48824 ||| UPGRADING to +0 gold dragon scales.
 48834 | Depths:3 | 48834 ||| DROPPING +1 plate armour of fire resistance.
 48921 | Depths:4 | 48921 ||| INVOKING Heroism.
 48932 | Depths:4 | Noticed Vv
 48933 | Depths:4 | 48933 ||| DRINKING 4 potions of resistance.
 48985 | Depths:4 | Killed Vv
 48986 | Depths:4 | Reached skill level 21 in Armour
 48994 | Depths:4 | 48994 ||| FLEEEEING.
 48995 | Depths:4 | 48995 ||| STAIRDANCE
 49231 | Depths:4 | 49231 ||| STAIRDANCE
 49234 | Depths:3 | 49234 ||| INVOKING Heroism.
 49314 | Depths:4 | 49314 ||| READING scroll of enchant armour.
 49314 | Depths:4 | 49314 ||| ENCHANTING +0 gold dragon scales.
 49446 | Depths:4 | 49446 ||| Stepping ~*~*~tactically~*~*~ (hiding).
 49447 | Depths:4 | 49447 ||| Stepping ~*~*~tactically~*~*~ (hiding).
 49450 | Depths:4 | 49450 ||| Stepping ~*~*~tactically~*~*~ (hiding).
 49672 | Depths:4 | 49672 ||| Stepping ~*~*~tactically~*~*~ (hiding).
 49673 | Depths:4 | 49673 ||| Stepping ~*~*~tactically~*~*~ (hiding).
 49680 | Depths:4 | 49680 ||| Stepping ~*~*~tactically~*~*~ (hiding).
 49685 | Depths:4 | 49685 ||| Stepping ~*~*~tactically~*~*~ (hiding).
 49687 | Depths:4 | 49687 ||| Stepping ~*~*~tactically~*~*~ (hiding).
 49781 | Depths:4 | 49781 ||| FLEEEEING.
 49782 | Depths:4 | 49782 ||| FLEEEEING.
 49783 | Depths:4 | 49783 ||| FLEEEEING.
 49784 | Depths:4 | 49784 ||| FLEEEEING.
 49785 | Depths:4 | 49785 ||| FLEEEEING.
 49792 | Depths:4 | 49792 ||| FLEEEEING.
 49793 | Depths:4 | 49793 ||| FLEEEEING.
 49794 | Depths:4 | 49794 ||| FLEEEEING.
 49866 | Depths:4 | 49866 ||| Stepping ~*~*~tactically~*~*~ (stealth).
 49870 | Depths:4 | 49870 ||| Stepping ~*~*~tactically~*~*~ (stealth).
 49971 | Depths:4 | 49971 ||| Stepping ~*~*~tactically~*~*~ (hiding).
 49973 | Depths:4 | 49973 ||| Stepping ~*~*~tactically~*~*~ (hiding).
 50195 | Depths:4 | Noticed a golden dragon
 50196 | Depths:4 | 50196 ||| Stepping ~*~*~tactically~*~*~ (hiding).
 50200 | Depths:4 | 50200 ||| INVOKING Heroism.
 50207 | Depths:4 | Killed a golden dragon
 50207 | Depths:4 | Received a gift from Okawaru
 50355 | Depths:4 | 50355 ||| PLANNING VAULTS:5
 50707 | Vaults:5 | Entered Level 5 of the Vaults
 50711 | Vaults:5 | 50711 ||| STAIRDANCE
 50721 | Vaults:4 | Received a gift from Okawaru
 50776 | Vaults:5 | 50776 ||| INVOKING Heroism.
 50795 | Vaults:5 | 50795 ||| STAIRDANCE
 50799 | Vaults:4 | 50799 ||| DRINKING 26 potions of curing.
 50799 | Vaults:4 | 50799 ||| (to cure confusion)
 50799 | Vaults:4 | Paralysed by a sphinx for 5 turns
 50803 | Vaults:4 | HP: 40/160 [vault guard/+0 great mace (2)]
 50804 | Vaults:4 | 50804 ||| DRINKING 25 potions of curing.
 50804 | Vaults:4 | 50804 ||| (to cure confusion)
 50806 | Vaults:4 | 50806 ||| READING 3 scrolls of teleportation.
 50806 | Vaults:4 | HP: 17/160 [green very ugly thing (16)]
 50807 | Vaults:4 | 50807 ||| DRINKING 5 potions of heal wounds.
 51117 | Vaults:4 | 51117 ||| INVOKING Heroism.
 51117 | Abyss:2  | Cast into level 2 of the Abyss (a deep elf sorcerer)
 51129 | Abyss:2  | Found a corrupted altar of Lugonu.
 51132 | Abyss:2  | 51132 ||| Stepping ~*~*~tactically~*~*~ (stealth).
 51146 | Abyss:2  | 51146 ||| Stepping ~*~*~tactically~*~*~ (stealth).
 51148 | Abyss:2  | 51148 ||| Stepping ~*~*~tactically~*~*~ (stealth).
 51149 | Abyss:2  | 51149 ||| Stepping ~*~*~tactically~*~*~ (stealth).
 51160 | Abyss:2  | Gained mutation: Potions are less effective at restoring
                  | your health. [a cacodemon]
 51179 | Abyss:2  | 51179 ||| DRINKING 5 potions of mutation.
 51179 | Abyss:2  | Lost mutation: You are partially covered in large bone
                  | plates. (SH +4) [potion of mutation]
 51179 | Abyss:2  | Lost mutation: Potions are less effective at restoring your
                  | health. [potion of mutation]
 51179 | Abyss:2  | Gained mutation: You are partially covered in iridescent
                  | scales. (AC +2) [potion of mutation]
 51179 | Abyss:2  | Gained mutation: Your mind is acute. (Int +4, Str/Dex -1)
                  | [potion of mutation]
 51219 | Abyss:2  | 51219 ||| Stepping ~*~*~tactically~*~*~ (hiding).
 51241 | Abyss:2  | 51241 ||| Stepping ~*~*~tactically~*~*~ (stealth).
 51245 | Abyss:2  | 51245 ||| Stepping ~*~*~tactically~*~*~ (stealth).
 51246 | Abyss:2  | 51246 ||| Stepping ~*~*~tactically~*~*~ (stealth).
 51270 | Abyss:2  | Received a gift from Okawaru
 51290 | Abyss:2  | 51290 ||| UPGRADING to +6 ring of dexterity.
 51292 | Abyss:2  | 51292 ||| UPGRADING to ring of Vuskourr {rN+++ rCorr MP+9
                  | Int-3 Dex+3}.
 51300 | Vaults:4 | Escaped the Abyss
 51301 | Vaults:4 | 51301 ||| INVOKING Heroism.
 51309 | Vaults:4 | Received a gift from Okawaru
 51348 | Vaults:4 | 51348 ||| UPGRADING to +4 ring of protection.
 51355 | Vaults:5 | 51355 ||| STAIRDANCE
 51361 | Vaults:4 | 51361 ||| INVOKING Heroism.
 51543 | Vaults:5 | 51543 ||| INVOKING Heroism.
 51557 | Vaults:5 | Noticed an ancient lich
 51558 | Vaults:5 | Received a gift from Okawaru
 51572 | Vaults:5 | 51572 ||| INVOKING Finesse.
 51575 | Vaults:5 | Received a gift from Okawaru
 51580 | Vaults:5 | HP: 34/162 [storm dragon/bolt of lightning (15)]
 51581 | Vaults:5 | 51581 ||| READING 2 scrolls of teleportation.
 51582 | Vaults:5 | 51582 ||| DRINKING 4 potions of heal wounds.
 51592 | Vaults:5 | HP: 31/162 [frost giant/bolt of cold (12)]
 51593 | Vaults:5 | 51593 ||| READING scroll of teleportation.
 51593 | Vaults:5 | HP: 11/162 [titan (20)]
 51594 | Vaults:5 | 51594 ||| DRINKING 3 potions of heal wounds.
 51595 | Vaults:5 | 51595 ||| DRINKING 2 potions of heal wounds.
 51596 | Vaults:5 | Noticed a golden dragon
 51604 | Vaults:5 | 51604 ||| INVOKING Heroism.
 51613 | Vaults:5 | HP: 39/162 [war gargoyle/spray of metal splinters (9)]
 51614 | Vaults:5 | 51614 ||| DRINKING potion of heal wounds.
 51643 | Vaults:5 | HP: 29/162 [vault warden/bolt (24)]
 51645 | Vaults:5 | 51645 ||| INVOKING Heroism.
 51646 | Vaults:5 | Killed an ancient lich
 51647 | Vaults:5 | Reached XP level 24. HP: 16/168 MP: 28/30
 51659 | Vaults:5 | HP: 12/168 [ghostly storm dragon (6)]
 51672 | Vaults:5 | HP: 11/168 [shadow dragon (4)]
 51673 | Vaults:5 | Identified the +3 hand axe of the Revolution {holy, Will+
                  | Stlth+}
 51673 | Vaults:5 | Slain by an ironbound preserver

Levels and vault maps discovered:
D:1:      saegor_arrival_simple_e, layout_basic, minmay_quantized
D:2:      layout_rooms
D:3:      minmay_angry_zag, layout_basic, grunt_temple_overflow_open,
          nrook_mini_backslash, minmay_quadrilaterals, uniq_robin
D:4:      layout_basic, marbit_many_paths, uniq_pikel
D:5:      layout_gridville, minmay_temple_entry_poolview, gammafunk_ghost_split,
          uniq_duvessa
D:6:      layout_rooms, serial_shops, nicolae_shop_tiny_statue_garden
D:7:      layout_loops_ring, nicolae_kikubaaqudgha_miasma_corner,
          serial_bayou_pond_e, uniq_joseph
D:8:      layout_layer_cave, grunt_dithmenos_shadows, enter_bailey_8,
          gammafunk_ghost_necromancy, uniq_psyche
D:9:      layout_rooms, kennysheep_little_box, nicolae_shop_gadgets
D:10:     layout_basic
D:11:     nzn_winding_woodlands_cross [nzn_winding_woodlands_5x15_eye,
          nzn_winding_woodlands_5x15_concentric,
          nzn_winding_woodlands_5x15_crooked,
          nzn_winding_woodlands_5x15_split_checker,
          nzn_winding_woodlands_15x15_thick_spiral], layout_rooms,
          minmay_lair_entry_grove, uniq_josephine, uniq_lodul
D:12:     kennysheep_seaside_town, layout_loops_ring
D:13:     layout_roguey
D:14:     layout_roguey, david_vaults_3, nemelex_altar_shiori, uniq_roxanne
D:15:     grunt_enter_depths_magical_seal, layout_loops_ring,
          kennysheep_doodads, uniq_azrael, uniq_agnes
Lair:1:   layout_roguey, nicolae_volcano_entry_s_turn,
          chequers_serial_rivers_micro_d, serial_bayou_shore_a,
          grunt_megastairs_3
Lair:2:   layout_hall_layers, shoals_dummy_entry, dummy_snake_entry,
          beast_lair_carwin_7, grunt_megastairs_1, serial_bayou_shore_b,
          lemuel_fruit_fields
Lair:3:   layout_regular_city, nicolae_quartered_pool_super,
          infiniplex_staircase_pool, uniq_urug, uniq_amaemon
Lair:4:   regret_index_tunnel_blossom, layout_loops_ring,
          minmay_slime_entry_oklob_open
Lair:5:   minmay_lair_end_enchanted_forest, layout_gridlike, lemuel_fruit_tree,
          grunt_megastairs_2
Shoals:1: layout_shoals, serial_shops, nicolae_shop_waterfront
Shoals:2: layout_shoals, nicolae_shoals_drake_roost
Shoals:3: layout_shoals
Shoals:4: shoals_end_grunt_ice, layout_shoals, uniq_polyphemus
Snake:1:  layout_grid_maze, portal_ice_cave_entry_pillars_1, serial_shops,
          nicolae_shop_behind_doors, st_stairs_9,
          nicolae_snake_snakes_in_the_grass, minmay_shoptagon,
          serial_bayou_shore_b
Snake:2:  layout_layer_cave, hellmonk_ghost_happy_afterlife, minmay_shop_grove,
          grunt_megastairs_5
Snake:3:  layout_concentric_octagons, uniq_louise, uniq_aizul
Snake:4:  snake_pit_salamanders_mu, layout_chambers, serial_shops,
          nicolae_book_shop_shelving, uniq_vashnia
Orc:1:    layout_caves, basic_altar
Orc:2:    st_orc_rangers, layout_caves, ebering_ghost_gozag, bloody_makhleb
Vaults:1: nicolae_vaults_variable_pillar_hall, ontoclasm_vaults_chip,
          nicolae_vaults_cornered_office, vaults_mumra_minichess,
          nicolae_vaults_prndl, vaults_mumra_chevron_long,
          nicolae_vaults_what_the_h, nicolae_vaults_security_offices_5,
          vaults_standard_mumra_x, v_misc_30, nicolae_vaults_specimen_jars,
          layout_vaults_ring
Vaults:2: vaults_mumra_bighexcomb, vaults_dpeg_encased_lava,
          nicolae_vaults_wine_cellar, hangedman_vaults_unwind,
          minmay_crypt_entry_necro_gods, nicolae_vaults_trapezoid_lopsided_1,
          ontoclasm_vaults_idyll, nicolae_vaults_apartment_2,
          nicolae_vaults_offset_grid_hallway_1,
          nicolae_vaults_ellipses_ellipsis, nicolae_vaults_little_ls,
          ontoclasm_vaults_pinch, vaults_room_door_ring, vaults_room_corners,
          layout_vaults_omnicross
Vaults:3: nicolae_vaults_circle_grid_b, v_misc_27, ontoclasm_vaults_gateway,
          nicolae_vaults_trapezoid_4, nicolae_vaults_c_with_doors,
          nicolae_vaults_shrinking_rooms_2, nicolae_vaults_trapezoid_2,
          nicolae_vaults_door_testing_chamber, nicolae_vaults_apartment_2,
          layout_vaults_chaotic_city
Vaults:4: nicolae_vaults_weapon_check, v_misc_11, vaults_room_door_ring,
          hangedman_vaults_trim, nicolae_vaults_holding_cells,
          layout_vaults_quadrants, serial_shops, bzr_entry_islet
Vaults:5
Depths:1: layout_cross, pan_entry, nicolae_hell_entry_big_baal_hell,
          minmay_misc_feat_more_columns, dk_noncrumbling_3,
          roderic_roman_lattice, minmay_fractal_squares_gapless_7,
          uniq_bai_suzhen
Depths:2: nicolae_legendary_halls, layout_honeycomb,
          hangedman_decor_peaks_small, grunt_mini_vestibule,
          grunt_pan_entry_spiral
Depths:3: kennysheep_four_of_diamonds, layout_gridlike, enter_ziggurat_f,
          rand_demon_pan_entry_4, fedhas_altar_fruit_tree, abyss_entry,
          grunt_hell_entry_dis_grunt, minmay_misc_feat_nine_boxes, uniq_sojobo
Depths:4: grunt_crosshair, layout_gridville, hell_entry, rand_demon_pan_entry_3,
          chequers_serial_rivers_room_b, abyss_entry_crystal, uniq_vv

Skill      XL: |  1  2  3  4  5  6  7  8  9 10 11 12 13 14 15 16 17 18 19 20 21 22 23 24 |
---------------+-------------------------------------------------------------------------+-----
Axes           | 2 3 4 5 7 8 9 10 11 12 13 15 16 18 | 18.0
Dodging        | 1 2 3 4 5 6 |  6.0
Fighting       | 4 6 7 8 9 10 11 12 13 15 16 18 19 21 22 | 22.0
Throwing       | 1 3 4 5 7 8 9 10 11 12 13 | 13.0
Invocations    | 3 4 8 10 | 10.0
Armour         | 4 6 7 9 10 11 12 13 15 16 18 19 20 22 | 22.0
Shields        | 4 6 10 11 12 15 17 18 19 20 21 | 21.5

Action                     |  1- 3 |  4- 6 |  7- 9 | 10-12 | 13-15 | 16-18 | 19-21 | 22-24 || total
---------------------------+-------+-------+-------+-------+-------+-------+-------+-------++-------
  Melee: War axe           |    92 |   151 |   199 |   473 |    11 |       |       |       ||   926
         Broad axe         |       |       |       |    36 |   838 |  1363 |  1053 |   930 ||  4220
         Morningstar       |       |       |       |       |    11 |       |       |       ||    11
  Throw: Boomerang         |       |    18 |    50 |    48 |     8 |       |       |       ||   124
         Javelin           |       |       |       |    24 |   192 |   103 |   114 |    60 ||   493
 Invoke: Heroism           |       |       |     8 |    20 |    20 |    42 |    19 |    39 ||   148
         Finesse           |       |       |       |     1 |     7 |     2 |     8 |     2 ||    20
    Use: Scroll            |     6 |     5 |    13 |     2 |     7 |     8 |     3 |     7 ||    51
         Potion            |     2 |     1 |       |     2 |     1 |     3 |     1 |    10 ||    20
   Stab: Petrified         |       |       |       |       |     8 |       |       |       ||     8
         Petrifying        |       |       |       |       |     3 |       |       |       ||     3
 Armour: Scale mail        |    51 |     7 |       |       |       |       |       |       ||    58
         Chain mail        |       |    92 |    61 |       |       |       |       |       ||   153
         Plate armour      |       |       |    64 |   272 |   269 |   304 |   434 |   214 ||  1557
         Gold dragon scale |       |       |       |       |       |       |       |   325 ||   325
  Dodge: Dodged            |    48 |    59 |    84 |   111 |   127 |   130 |   188 |   244 ||   991
  Block: Buckler           |    15 |    30 |    35 |   213 |       |       |       |       ||   293
         Reflection        |       |       |       |    19 |    21 |   165 |       |       ||   205
         Kite shield       |       |       |       |   104 |   531 |       |       |       ||   635
         Tower shield      |       |       |       |       |   272 |  1486 |  1304 |  1125 ||  4187

Table legend:
 A = Non-vault XP
 B = Vault XP
 C = Vault XP percentage of total XP
 D = Non-vault monster count
 E = Vault monster count
 F = Vault count percentage of total count
                 A         B        C        D         E       F
            +---------+---------+-------+---------+---------+-------
      Total |  455636 |  397403 |  46.6 |    1104 |     690 |  38.5
            +---------+---------+-------+---------+---------+-------
        D:1 |      48 |       6 |  11.1 |      19 |       4 |  17.4
        D:2 |      43 |       0 |   0.0 |      16 |       0 |   0.0
        D:3 |     160 |      55 |  25.6 |      21 |      17 |  44.7
        D:4 |     220 |     720 |  76.6 |      28 |       2 |   6.7
        D:5 |     875 |     211 |  19.4 |      31 |       2 |   6.1
        D:6 |     791 |       0 |   0.0 |      13 |       0 |   0.0
        D:7 |     926 |     434 |  31.9 |       9 |       1 |  10.0
        D:8 |    1412 |     476 |  25.2 |      17 |       2 |  10.5
        D:9 |    2607 |       0 |   0.0 |      26 |       0 |   0.0
       D:10 |    3646 |     532 |  12.7 |      19 |       2 |   9.5
       D:11 |    4560 |   14951 |  76.6 |      30 |      48 |  61.5
       D:12 |    4725 |    1445 |  23.4 |      16 |      23 |  59.0
       D:13 |    6145 |       0 |   0.0 |      17 |       0 |   0.0
       D:14 |   10281 |    8588 |  45.5 |      21 |      21 |  50.0
       D:15 |   15441 |    8277 |  34.9 |      33 |      18 |  35.3
     Lair:1 |   11450 |    2383 |  17.2 |      41 |       5 |  10.9
     Lair:2 |    6625 |    3348 |  33.6 |      29 |      12 |  29.3
     Lair:3 |    4231 |    1966 |  31.7 |      18 |       3 |  14.3
     Lair:4 |    8894 |   11394 |  56.2 |      26 |      55 |  67.9
     Lair:5 |   16494 |    9476 |  36.5 |      51 |      48 |  48.5
   Shoals:1 |   10578 |       0 |   0.0 |      19 |       0 |   0.0
   Shoals:2 |   11328 |    2749 |  19.5 |      25 |       9 |  26.5
   Shoals:3 |   10257 |       0 |   0.0 |      21 |       0 |   0.0
   Shoals:4 |   11351 |   24117 |  68.0 |      21 |      39 |  65.0
    Snake:1 |    8213 |    5625 |  40.6 |      17 |       9 |  34.6
    Snake:2 |   11237 |    9178 |  45.0 |      20 |      15 |  42.9
    Snake:3 |   22125 |    2385 |   9.7 |      47 |       2 |   4.1
    Snake:4 |   26206 |   41118 |  61.1 |      49 |      54 |  52.4
      Orc:1 |    3609 |       0 |   0.0 |      34 |       0 |   0.0
      Orc:2 |    2167 |    4639 |  68.2 |      33 |      40 |  54.8
   Vaults:1 |   19579 |   30465 |  60.9 |      27 |      44 |  62.0
   Vaults:2 |   30057 |   15861 |  34.5 |      45 |      21 |  31.8
   Vaults:3 |   27376 |   17696 |  39.3 |      48 |      25 |  34.2
   Vaults:4 |   15032 |   32358 |  68.3 |      21 |      39 |  65.0
   Vaults:5 |    9927 |   50651 |  83.6 |      12 |      46 |  79.3
   Depths:1 |   19981 |    7923 |  28.4 |      24 |       9 |  27.3
   Depths:2 |   28629 |   29276 |  50.6 |      32 |      28 |  46.7
   Depths:3 |   36388 |   31857 |  46.7 |      51 |      24 |  32.0
   Depths:4 |   30223 |   27243 |  47.4 |      36 |      23 |  39.0
    Abyss:2 |   21799 |       0 |   0.0 |      41 |       0 |   0.0
            +---------+---------+-------+---------+---------+-------
